 Dungeon Crawl Stone Soup version 0.31-a0-237-g2d982f9f85 (webtiles) character file.

Game seed: 10085135602808954023

496368 qw the Conqueror (level 23, -8/240 HPs)
             Began as a Minotaur Hexslinger on July 11, 2023.
             Was a High Priest of Okawaru.
             Mangled by a golden dragon (10 damage)
             ... on level 2 of the Realm of Zot.
             The game lasted 00:21:22 (45021 turns).

qw the Conqueror (Minotaur Hexslinger)             Turns: 45021, Time: 00:21:23

Health: -8/240     AC: 25    Str: 28    XL:     23   Next: 68%
Magic:  4/37       EV: 39    Int:  9    God:    Okawaru [*****.]
Gold:   5479       SH:  0    Dex: 28    Spells: 23/24 levels left

rFire   + + +        z - +9 triple crossbow (heavy)
rCold   . . .        (shield currently unavailable)
rNeg    . . .        a - +2 ring mail of the Mind {Fly rF++}
rPois   +            r - +5 hat of the Journeyman {+Inv Will+}
rElec   .            w - +1 cloak {Will+}
rCorr   .            A - +2 pair of gloves {Str+3}
SInv    +            K - +2 pair of boots of Patterns {rPois rF+ Will- Str+3}
Will    ++...        E - amulet of Etotein {Faith rF+ Str+2}
Stlth   +++          s - +6 ring of dexterity
HPRegen 0.60/turn    D - +6 ring of dexterity
MPRegen 0.25/turn

%: faith
@: about to teleport, heroic, corroded, flying
A: horns 2, retaliatory headbutt, hooves 1, see invisible, clumsy 2,
deterioration 1, high MP 1, screaming 1, strong 1, subdued magic 1
}: 3/15 runes: decaying, silver, gossamer
a: Renounce Religion, Evoke Invisibility, Heroism, Finesse, Duel


You were on level 2 of the Realm of Zot.
You worshipped Okawaru.
Okawaru was extremely pleased with you.
You visited 9 branches of the dungeon, and saw 42 of its levels.
You visited 1 bazaar.
You also visited: Desolation.

You collected 8241 gold pieces.
You spent 2762 gold pieces at shops.


Innate Abilities, Weirdness & Mutations

You have a pair of horns on your head.
You reflexively headbutt those who attack you in melee.
You have large cloven feet.
You have supernaturally acute eyesight. (SInv)
You are very clumsy. (Dex -4)
Your body sometimes deteriorates upon taking damage.
You have an increased reservoir of magic. (+10% MP)
You occasionally shout uncontrollably at your foes.
Your muscles are strong. (Str +4, Int/Dex -1)
Your spells are a little easier to cast, but a little less powerful.


   Skills:
 O Level 27 Fighting
 - Level 22.0(27) Ranged Weapons
 - Level 22.0(27) Armour
 - Level 22.0(27) Dodging
 - Level 1.0 Spellcasting
 - Level 2.0 Hexes
 + Level 16.4 Invocations


You had 23 spell levels left.
You knew the following spells:

 Your Spells              Type           Power      Damage    Failure   Level
a - Slow                  Hex            12%        N/A       16%         1

Your spell library contained the following spells:

 Spells                   Type           Power      Damage    Failure   Level
 Inner Flame              Hex/Fire       1%         N/A       58%         3
 Portal Projectile        Hex/Tloc       2%         N/A       58%         3
 Cause Fear               Hex            1%         N/A       86%         4

Inventory:

Hand Weapons
 z - a +9 heavy triple crossbow (weapon)
Armour
 a - the +2 ring mail of the Mind (worn) {Fly rF++}
   (You found it on level 1 of the Lair of Beasts)

   rF:        It greatly protects you from fire.
   Fly:       It grants you flight.
 j - a scarf of resistance
 n - a +2 pair of boots
 o - the +0 ring mail of Okawaru's Generosity {Will+ Dex+3}
   (Okawaru gifted it to you on level 3 of the Swamp)

   Dex:       It affects your dexterity (+3).
   Will:      It increases your willpower.
 q - the +1 pair of boots "Oburphir" {-Tele rN+ Dex+6}
   (Okawaru gifted it to you on level 12 of the Dungeon)

   Dex:       It affects your dexterity (+6).
   rN:        It protects you from negative energy.
   -Tele:     It prevents most forms of teleportation.
 r - the +5 hat of the Journeyman (worn) {+Inv Will+}
   (You acquired it on level 7 of the Dungeon)

   +Inv:      It lets you turn invisible.
   Will:      It increases your willpower.
 u - a +3 ring mail of cold resistance
 v - the +2 pair of gloves of Dyspraxia {rF+ Int+4}
   (Okawaru gifted it to you on level 3 of the Depths)

   Int:       It affects your intelligence (+4).
   rF:        It protects you from fire.
 w - a +1 cloak of willpower (worn)
 x - a +0 troll leather armour
 A - a +2 pair of gloves of strength (worn)
 B - a +3 leather armour of fire resistance
 G - a +2 cloak
 J - a +2 robe of resistance
 K - the +2 pair of boots of Patterns (worn) {rPois rF+ Will- Str+3}
   (You found it on level 4 of the Spider Nest)

   Str:       It affects your strength (+3).
   rF:        It protects you from fire.
   rPois:     It protects you from poison.
   Will:      It decreases your willpower.
Jewellery
 s - a +6 ring of dexterity (left hand)
 y - an amulet of reflection
 D - a +6 ring of dexterity (right hand)
 E - the amulet of Etotein (around neck) {Faith rF+ Str+2}
   (You bought it in a shop on level 2 of the Orcish Mines)

   [amulet of faith]

   It allows you to gain divine favour quickly.
   Str:       It affects your strength (+2).
   rF:        It protects you from fire.
Wands
 p - a wand of digging (17)
Scrolls
 d - 8 scrolls of teleportation
 f - a scroll of brand weapon
 g - 2 scrolls of enchant weapon
 l - 31 scrolls of identify
Potions
 e - 21 potions of curing
 h - 8 potions of mutation
 i - 4 potions of haste
 k - 6 potions of might
 m - 9 potions of enlightenment
 t - 3 potions of magic
 H - 3 potions of cancellation

Dungeon Overview and Level Annotations

Branches:
Dungeon (15/15)            Temple (1/1) D:4            Lair (5/5) D:9
  Swamp (4/4) Lair:2       Spider (4/4) Lair:3        Slime (0/5) Lair:5
    Orc (2/2) D:10            Elf (0/3) Orc:2        Vaults (5/5) D:13
  Crypt (0/3) Vaults:2     Depths (4/4) D:15            Zot (2/5) Depths:4
Desolation (visited)

Altars:
Ashenzari
Cheibriados
Dithmenos
Elyvilon
Fedhas
Gozag
Hepliaklqana
Kikubaaqudgha
Makhleb
Nemelex Xobeh
Okawaru
Qazlal
Ru
Sif Muna
Trog
Uskayaw
Vehumet
Wu Jian
Xom
Yredelemnul
Zin
The Shining One
Jiyva

Shops:
D:1 [   Orc:2 [[(=   Vaults:2 [[

Portals:
Hell: Depths:1 Depths:2 Depths:3 Depths:4
Abyss: D:3 Depths:3
Pandemonium: Depths:2
Ziggurat: Depths:2
Trove: Vaults:3 (give 8 scrolls of fear)

Annotations:
D:3 2 transporters, qw's ghost, weakling GrHs
D:5 1 runed translucent door, Crazy Yiuf
D:9 3 runed translucent doors, qw's ghost, novice GrHu
D:12 2 transporters, Gauc's ghost, journeyman HOFi
Lair:2 1 runed translucent door
Vaults:1 exclusion: vault sentinel
Depths:1 4 transporters


Message History

The black draconian misses you.
The golden dragon completely misses you.
You furiously retaliate!
You headbutt the golden dragon!
The golden dragon completely misses you.
The golden dragon tramples you but does no damage.
The orb of fire emits a lurid red light.
The bolt of fire misses you.
The purple draconian shifter gestures wildly while chanting.
The purple draconian shifter blinks!
The purple draconian shifter completely misses you.
The purple draconian completely misses you.
The yellow draconian completely misses you.
You furiously retaliate!
You headbutt the yellow draconian!
The red draconian completely misses you.
The black draconian completely misses you.
The golden dragon completely misses you.
You furiously retaliate!
You headbutt the golden dragon, but do no damage.
The golden dragon claws you but does no damage.
The golden dragon misses you.
You shoot a bolt. The bolt hits the yellow draconian!!!!
The yellow draconian is almost dead.
The purple draconian completely misses you.
The yellow draconian completely misses you.
You furiously retaliate!
You headbutt the yellow draconian, but do no damage.
The red draconian completely misses you.
The golden dragon completely misses you.
You furiously retaliate!
You headbutt the golden dragon! The golden dragon misses you.
The golden dragon completely misses you.
The purple draconian shifter points at you and mumbles some strange words.
You resist with some effort.
The purple draconian completely misses you.
The yellow draconian barely misses you. You furiously retaliate!
You headbutt the yellow draconian.
The black draconian hits you from afar with a +2 halberd of venom!!
The red draconian hits you but does no damage.
The golden dragon bites you!
You die...

.....# . ......
..z ......# ....
.......## #...#
......q.###....#
.........#......
=..$..dddd..#
.....dqD*..##
.q...yd@%...#
...ยค######...#
...# #.... ...
#.... .. ##.. ##


You could see an orb of fire, a golden dragon (berserk), a black draconian, 2
draconians, 2 draconians, a red draconian (berserk), 2 draconians, a yellow
draconian annihilator and a moth of wrath.

Vanquished Creatures
  A dread lich (Vaults:5)
  Mennas (Vaults:5)
  An orb of fire (Zot:1)
  A juggernaut (Depths:4)
  Bai Suzhen (Spider:3)
  3 golden dragons
  A bone dragon (Depths:4)
  Arachne (Spider:2)
  Zenata (Vaults:2)
  9 tentacled monstrosities
  2 liches
  Rupert (Orc:2)
  A walking frostbound tome (Depths:3)
  7 titans (Vaults:5)
  3 death cobs
  2 quicksilver dragons (Vaults:5)
  3 sphinxes
  An ancient champion (Depths:4)
  Frances (Spider:2)
  7 shadow dragons
  6 tengu reavers (Vaults:5)
  2 storm dragons (Zot:2)
  7 draconian monks
  An azure jelly (shapeshifter) (Depths:4)
  4 fenstrider witches
  12 frost giants
  4 emperor scorpions
  An azure jelly (Spider:2)
  18 vault wardens
  3 draconian knights
  A ghost moth (shapeshifter) (Vaults:5)
  An imperial myrmidon (Desolation)
  11 fire giants
  An iron dragon (Depths:3)
  3 ghost moths
  A draconian shifter (Zot:1)
  4 draconian scorchers (Zot:1)
  A ghoul (Swamp:4)
  A reaper (Swamp:4)
  3 orc warlords
  15 ironbound preservers
  26 very ugly things
  2 angels (Vaults:3)
  7 ironbound thunderhulks
  6 war gargoyles
  2 spriggan defenders
  2 formless jellyfish
  3 draconian annihilators
  15 stone giants
  4 broodmothers (Spider:4)
  4 demonspawn black suns (Zot:1)
  4 eleionomae
  Azrael (Spider:3)
  2 deep elf annihilators (Vaults:5)
  A vampire knight (Vaults:2)
  3 green draconians
  4 black draconians
  A lorocyproca (Depths:2)
  4 white draconians
  4 purple draconians
  3 yellow draconians
  10 bunyips
  2 red draconians (Zot:1)
  A halazid warlock (Desolation)
  A deep elf death mage (Vaults:5)
  6 dire elephants
  9 spark wasps
  7 fire dragons
  4 ettins
  2 crystal guardians (Desolation)
  An ettin (shapeshifter) (Vaults:5)
  A blizzard demon (Depths:2)
  An eidolon (Vaults:2)
  A green death (Swamp:4)
  A merfolk impaler (Depths:2)
  A shambling mangrove (Swamp:4)
  A merfolk javelineer (Depths:1)
  Josephine (Orc:2)
  5 yaktaur captains
  Fannar (D:9)
  9 ragged hierophants (Desolation)
  5 great orbs of eyes
  32 vault guards
  A deep elf high priest (Vaults:5)
  A hydra (shapeshifter) (Depths:3)
  2 hell beasts (Depths:4)
  6 ice dragons
  A rakshasa (Depths:1)
  17 peacekeepers
  3 catoblepae (Lair:5)
  5 entropy weavers
  10 servants of whispers (Desolation)
  A jorogumo (Spider:3)
  6 ghost crabs
  Harold (D:10)
  Erica (D:11)
  4 radroaches
  5 spriggan air magi
  10 hydras
  9 ogre magi
  A two-headed ogre (shapeshifter) (Vaults:1)
  11 ironbound frosthearts
  18 centaur warriors
  9 boulder beetles
  6 deep troll shamans
  16 two-headed ogres
  9 death yaks
  A tengu warrior (Depths:2)
  3 vampire magi
  9 alligators
  An orc high priest (Orc:2)
  A titan zombie (Depths:2)
  2 titan skeletons (Depths:2)
  7 spriggan berserkers
  6 demonic crawlers
  5 deep troll earth magi
  15 spriggans
  3 soul eaters (Swamp:4)
  A skyshark (shapeshifter) (D:14)
  2 hell knights (Depths:3)
  3 skysharks
  2 sixfirhies
  2 skeletal warriors (D:15)
  9 iron trolls
  13 pharaoh ants
  8 goliath frogs
  A quicksilver dragon simulacrum (Depths:4)
  45 deep trolls
  2 sun moths
  A golden dragon zombie (Depths:2)
  3 glowing orange brains
  5 spriggan druids
  10 orb spiders
  2 bog bodies (Swamp:3)
  2 golden dragon skeletons
  6 steelbarb worms
  4 flayed ghosts
  4 swamp dragons
  6 phantasmal warriors
  3 lindwurms
  A tengu zombie (D:15)
  15 wizards
  6 deep elf pyromancers
  2 deep elf zephyrmancers
  7 necromancers
  A harpy (Vaults:4)
  5 orc sorcerers
  An orc knight (Vaults:5)
  24 ironbound convokers
  49 ugly things
  20 wolf spiders
  A sphinx skeleton (Depths:2)
  An iron dragon zombie (Vaults:5)
  5 will-o-the-wisps
  A frost giant zombie (Depths:1)
  4 moths of wrath
  7 cyclopes
  13 elephants
  An iron dragon skeleton (Depths:1)
  3 manticores
  22 vault sentinels
  3 titan simulacra
  2 fire giant skeletons (Depths:2)
  A guardian serpent (shapeshifter) (D:15)
  A smoke demon (Depths:2)
  Joseph (D:7)
  2 black mambas
  6 guardian serpents (Desolation)
  7 torpor snails
  A frost giant skeleton (D:15)
  A storm dragon simulacrum (Depths:2)
  2 gargoyles (D:14)
  A yaktaur zombie (Vaults:5)
  16 cane toads
  12 komodo dragons
  2 unseen horrors
  Maggie (D:6)
  4 kobold demonologists
  25 yaktaurs
  2 tengu conjurers
  Psyche (D:8)
  A spark wasp simulacrum (Depths:2)
  5 rime drakes
  6 freezing wraiths
  A red devil (Depths:2)
  An ice devil (Depths:2)
  2 hellwings (Swamp:4)
  2 polar bears
  84 saltlings (Desolation)
  2 bloated husks
  25 hornets
  4 meliai
  13 blink frogs
  15 tarantellas
  11 trolls
  9 tyrant leeches
  A human simulacrum (Vaults:5)
  Sigmund (D:3)
  A slime creature (shapeshifter) (Vaults:4)
  27 jumping spiders
  16 slime creatures
  An ettin skeleton (Depths:1)
  A spriggan (shapeshifter) (Depths:4)
  18 culicivoras
  10 water elementals (Depths:1)
  54 yaks
  5 wraiths
  8 wyverns
  A fire elemental (Spider:3)
  17 humans (D:13)
  61 redbacks
  5 basilisks
  A chaos spawn (Swamp:4)
  A vampire mosquito (Swamp:3)
  16 swamp worms
  Menkaure (D:7)
  An acid dragon (D:11)
  3 human zombies
  3 wargs
  11 water moccasins
  6 hell hounds (Spider:3)
  A human skeleton (Depths:2)
  3 floating eyes
  22 orc warriors
  A sky beast (D:7)
  3 swamp drakes
  2 ice beasts (D:7)
  2 black bears (D:5)
  34 ogres
  7 wolves (Lair:2)
  4 boggarts
  3 centaurs
  An elf simulacrum (Vaults:5)
  A phantom (D:5)
  3 kobold brigands
  12 bullfrogs
  2 gnoll sergeants (D:10)
  2 scorpions
  3 glowing shapeshifter simulacra
  6 wights
  25 killer bees
  3 howler monkeys
  7 electric eels
  5 orc priests
  A sleepcap (D:6)
  A gnoll bouda (D:5)
  3 hounds
  3 jellies
  4 iguanas
  10 orc wizards
  14 gnolls
  9 adders
  A shadow imp (D:6)
  2 white imps
  An ufetubus (D:6)
  A worm (D:2)
  A worm (shapeshifter) (Vaults:5)
  4 dart slugs
  53 orcs
  8 endoplasms
  2 giant cockroaches
  11 goblins
  4 hobgoblins
  6 jackals
  16 kobolds
  5 quokkas
  7 ball pythons
  6 bats
  4 frilled lizards
  8 rats
1756 creatures vanquished.

Vanquished Creatures (others)
  An alligator (Swamp:2)
  2 bloated husks
  6 foxfires (Swamp:4)
9 creatures vanquished.

Grand Total: 1765 creatures vanquished

Notes
Turn   | Place    | Note
-------+----------+-------------------------------------------
     0 | D:1      | qw the Minotaur Hexslinger began the quest for the Orb.
     0 | D:1      | Reached XP level 1. HP: 16/16 MP: 1/1
     0 | D:1      | 0 ||| qw: Version: 0.3-a-52-g30416fa
     0 | D:1      | 0 ||| qw: Game counter: 5585
     0 | D:1      | 0 ||| qw: Melee chars always use a shield: true
     0 | D:1      | 0 ||| qw: God list: Okawaru
     0 | D:1      | 0 ||| qw: Allow faded altars: false
     0 | D:1      | 0 ||| qw: Do Orc after clearing Dungeon:15 true
     0 | D:1      | 0 ||| qw: Do second Lair branch before Depths: true
     0 | D:1      | 0 ||| qw: Lair rune preference: random
     0 | D:1      | 0 ||| qw: Goals: Normal
     0 | D:1      | 0 ||| PLANNING D:1-11
   123 | D:1      | Found Maerolal's Antique Armour Shop.
   132 | D:1      | 132 ||| SHOPLISTING +1 Delatra's gloves {ID++} (220 gold,
                  | have 11).
   132 | D:1      | 132 ||| SHOPLISTING embroidered cloak (165 gold, have 11).
   132 | D:1      | 132 ||| SHOPLISTING leather armour (44 gold, have 11).
   132 | D:1      | 132 ||| SHOPLISTING ring mail (88 gold, have 11).
   209 | D:1      | Reached skill level 3 in Ranged Weapons
   210 | D:1      | Reached XP level 2. HP: 16/23 MP: 2/2
   214 | D:1      | HP: 6/24 [ball python (2)]
   218 | D:1      | Reached skill level 2 in Fighting
   708 | D:1      | Reached XP level 3. HP: 29/29 MP: 3/3
  1008 | D:1      | 1008 ||| UPGRADING to +0 leather armour.
  1018 | D:1      | 1018 ||| DROPPING +0 robe.
  1019 | D:1      | 1019 ||| UPGRADING to +0 pair of gloves.
  1024 | D:1      | 1024 ||| UPGRADING to ring of see invisible.
  1025 | D:1      | 1025 ||| READING scroll labelled AMOHAFO EFUD.
  1030 | D:1      | 1030 ||| READING scroll labelled GAT XIBISEI.
  1030 | D:1      | Identified a scroll of acquirement
  1030 | D:1      | 1030 ||| ACQUIRING +5 heavy orcbow
  1030 | D:1      | Acquired a +5 heavy orcbow
  1032 | D:1      | 1032 ||| SWAPPING to +5 heavy orcbow.
  1033 | D:1      | 1033 ||| DROPPING +1 sling.
  1034 | D:1      | 1034 ||| READING 2 scrolls labelled JAKHLA CUDDOELI.
  1035 | D:1      | 1035 ||| READING scroll labelled APSUSEGUCU.
  1036 | D:1      | 1036 ||| DRINKING 2 metallic cyan potions.
  1036 | D:1      | Gained mutation: Potions are less effective at restoring
                  | your health. [potion of mutation]
  1036 | D:1      | Gained mutation: Your body sometimes deteriorates upon
                  | taking damage. [potion of mutation]
  1036 | D:1      | Gained mutation: You possess an exceptional clarity of
                  | mind. [potion of mutation]
  1037 | D:1      | 1037 ||| DRINKING potion of mutation.
  1037 | D:1      | Lost mutation: Potions are less effective at restoring your
                  | health. [potion of mutation]
  1037 | D:1      | Lost mutation: Your body sometimes deteriorates upon taking
                  | damage. [potion of mutation]
  1037 | D:1      | Gained mutation: You are agile. (Dex +4, Str/Int -1)
                  | [potion of mutation]
  1037 | D:1      | Gained mutation: You are very agile. (Dex +8, Str/Int -2)
                  | [potion of mutation]
  1037 | D:1      | Gained mutation: You have sharp toenails. [potion of
                  | mutation]
  1038 | D:1      | 1038 ||| DRINKING 2 murky yellow potions.
  1039 | D:1      | 1039 ||| DROPPING scroll of poison.
  1218 | D:2      | You fall into a shaft and drop 1 floor!
  1227 | D:3      | 1227 ||| DRINKING 2 cyan potions.
  1228 | D:3      | 1228 ||| READING 4 scrolls of identify.
  1228 | D:3      | 1228 ||| IDENTIFYING fizzy pink potion
  1229 | D:3      | 1229 ||| READING 3 scrolls of identify.
  1229 | D:3      | 1229 ||| IDENTIFYING bubbling pink potion
  1230 | D:3      | 1230 ||| READING 2 scrolls of identify.
  1230 | D:3      | 1230 ||| IDENTIFYING yellow potion
  1231 | D:3      | 1231 ||| DROPPING potion of berserk rage.
  1232 | D:3      | 1232 ||| DROPPING potion of brilliance.
  1233 | D:3      | 1233 ||| DROPPING potion of attraction.
  1279 | D:2      | Reached XP level 4. HP: 36/36 MP: 4/4
  1488 | D:2      | 1488 ||| UPGRADING to +0 ring mail.
  1498 | D:2      | 1498 ||| DROPPING +0 leather armour.
  1499 | D:2      | 1499 ||| READING scroll labelled OQAINN ECSETI.
  1500 | D:2      | 1500 ||| READING scroll labelled MEWKOS YGRA.
  1533 | D:3      | Reached skill level 1 in Armour
  1551 | D:3      | 1551 ||| FLEEEEING.
  1552 | D:3      | 1552 ||| FLEEEEING.
  1553 | D:3      | 1553 ||| FLEEEEING.
  1555 | D:3      | 1555 ||| FLEEEEING.
  1556 | D:3      | 1556 ||| FLEEEEING.
  1557 | D:3      | 1557 ||| FLEEEEING.
  1563 | D:3      | 1563 ||| STAIRDANCE
  1623 | D:2      | 1623 ||| READING scroll labelled UFUAHE ENUSOK.
  1758 | D:3      | Noticed Sigmund
  1760 | D:3      | Killed Sigmund
  1761 | D:3      | Reached skill level 5 in Fighting
  1761 | D:3      | Reached XP level 5. HP: 48/48 MP: 5/5
  1761 | D:3      | Reached XP level 6. HP: 56/56 MP: 6/6
  1897 | D:3      | Found a transporter.
  1901 | D:3      | Found a transporter.
  1953 | D:3      | Found a one-way gate to the infinite horrors of the Abyss.
  1953 | D:3      | Noticed qw's ghost (weakling GrHs)
  2055 | D:3      | 2055 ||| UPGRADING to +0 cloak.
  2060 | D:3      | 2060 ||| UPGRADING to amulet of faith.
  2065 | D:3      | 2065 ||| DROPPING +6 ring of intelligence.
  2066 | D:3      | 2066 ||| UPGRADING to +4 ring of protection.
  2067 | D:3      | 2067 ||| DRINKING 2 amethyst potions.
  2068 | D:3      | 2068 ||| DRINKING 2 white potions.
  2069 | D:3      | 2069 ||| READING 3 scrolls of identify.
  2069 | D:3      | 2069 ||| IDENTIFYING metallic dark potion
  2070 | D:3      | 2070 ||| READING 2 scrolls of identify.
  2070 | D:3      | 2070 ||| IDENTIFYING grey potion
  2071 | D:3      | 2071 ||| DROPPING potion of invisibility.
  2072 | D:3      | 2072 ||| DROPPING potion of ambrosia.
  2074 | D:3      | Noticed a small abomination
  2243 | D:4      | 2243 ||| READING scroll of enchant armour.
  2243 | D:4      | 2243 ||| ENCHANTING +0 pair of gloves.
  2549 | D:4      | Reached skill level 6 in Ranged Weapons
  2557 | D:4      | Found a staircase to the Ecumenical Temple.
  2558 | D:4      | 2558 ||| PLANNING TEMPLE
  2562 | D:4      | Reached XP level 7. HP: 49/61 MP: 7/7
  2607 | Temple   | Entered the Ecumenical Temple
  2614 | Temple   | 2614 ||| PLANNING OKAWARU WORSHIP
  2735 | Temple   | Became a worshipper of Warmaster Okawaru
  2736 | Temple   | 2736 ||| PLANNING D:1-11
  3145 | D:4      | 3145 ||| DRINKING 2 green potions.
  3188 | D:5      | Entered Level 5 of the Dungeon
  3324 | D:5      | Reached skill level 3 in Dodging
  3480 | D:5      | Reached * piety under Okawaru
  3519 | D:5      | 3519 ||| INVOKING Heroism.
  3525 | D:5      | Reached skill level 1 in Invocations
  3525 | D:5      | Reached XP level 8. HP: 68/68 MP: 5/8
  3902 | D:5      | Found a runed translucent door.
  3903 | D:5      | Noticed Crazy Yiuf
  4023 | D:5      | 4023 ||| FLEEEEING.
  4024 | D:5      | 4024 ||| FLEEEEING.
  4028 | D:5      | 4028 ||| Stepping ~*~*~tactically~*~*~ (outnumbered).
  4029 | D:5      | 4029 ||| INVOKING Heroism.
  4165 | D:5      | Found a shadowy altar of Dithmenos.
  4614 | D:5      | 4614 ||| DROPPING ring of ice.
  4615 | D:5      | 4615 ||| UPGRADING to +6 ring of dexterity.
  4617 | D:5      | 4617 ||| DROPPING ring of see invisible.
  4618 | D:5      | 4618 ||| READING scroll labelled PUSMAE KULOICS.
  4619 | D:5      | 4619 ||| READING 5 scrolls of identify.
  4619 | D:5      | 4619 ||| IDENTIFYING lumpy red potion
  4821 | D:6      | Noticed Maggie
  4824 | D:6      | 4824 ||| INVOKING Heroism.
  4827 | D:6      | Killed Maggie
  4829 | D:6      | Reached skill level 3 in Invocations
  4881 | D:6      | Reached skill level 9 in Ranged Weapons
  5206 | D:6      | Reached ** piety under Okawaru
  5207 | D:6      | Reached skill level 6 in Fighting
  5358 | D:6      | Found a sacrificial altar of Ru.
  5367 | D:6      | Found an opulent altar of Gozag.
  5368 | D:6      | 5368 ||| UPGRADING to +0 steam dragon scales.
  5378 | D:6      | 5378 ||| DROPPING +0 ring mail.
  5379 | D:6      | 5379 ||| READING 4 scrolls of identify.
  5379 | D:6      | 5379 ||| IDENTIFYING coppery potion
  5380 | D:6      | 5380 ||| DROPPING potion of degeneration.
  5434 | D:7      | Reached XP level 9. HP: 75/75 MP: 11/11
  5450 | D:7      | Noticed Joseph
  5451 | D:7      | Reached skill level 6 in Dodging
  5459 | D:7      | 5459 ||| INVOKING Heroism.
  5463 | D:7      | Killed Joseph
  5485 | D:7      | 5485 ||| INVOKING Heroism.
  5761 | D:7      | Reached skill level 7 in Fighting
  5768 | D:7      | 5768 ||| READING 2 scrolls of acquirement.
  5768 | D:7      | 5768 ||| ACQUIRING +5 hat of the Journeyman {+Inv Will+}
  5768 | D:7      | Acquired the +5 hat of the Journeyman {+Inv Will+}
  5770 | D:7      | 5770 ||| UPGRADING to +1 ring mail of fire resistance.
  5780 | D:7      | 5780 ||| UPGRADING to +5 hat of the Journeyman {+Inv
                  | Will+}.
  5785 | D:7      | 5785 ||| READING scroll of acquirement.
  5785 | D:7      | 5785 ||| ACQUIRING 762 gold pieces
  5785 | D:7      | Acquired 762 gold pieces
  6059 | D:7      | Reached skill level 3 in Armour
  6106 | D:7      | Noticed Menkaure
  6107 | D:7      | 6107 ||| INVOKING Heroism.
  6108 | D:7      | Killed Menkaure
  6464 | D:7      | Reached *** piety under Okawaru
  6749 | D:7      | 6749 ||| READING 3 scrolls of identify.
  6749 | D:7      | 6749 ||| IDENTIFYING metallic brown potion
  6799 | D:8      | 6799 ||| STAIRDANCE
  6927 | D:8      | Reached XP level 10. HP: 86/86 MP: 12/12
  6965 | D:8      | Found a flagged portal.
  6974 | D:8      | Noticed Psyche
  6975 | D:8      | 6975 ||| INVOKING Heroism.
  6977 | D:8      | Killed Psyche
  6978 | D:8      | Reached skill level 12 in Ranged Weapons
  7017 | D:8      | Found a broken altar of Ashenzari.
  7031 | D:8      | 7031 ||| UPGRADING to +5 ring of evasion.
  7043 | D:8      | Reached skill level 8 in Fighting
  7244 | D:8      | Reached **** piety under Okawaru
  7274 | D:8      | Noticed a deep elf zephyrmancer
  7275 | D:8      | Killed a deep elf zephyrmancer
  7282 | D:8      | 7282 ||| DROPPING +0 robe of fire resistance.
  7283 | D:8      | 7283 ||| DROPPING +4 ring of protection.
  7284 | D:8      | 7284 ||| READING 2 scrolls labelled ITAARO OFAOXOMN.
  7285 | D:8      | 7285 ||| DROPPING scroll of fear.
  7373 | D:9      | 7373 ||| INVOKING Heroism.
  7383 | D:9      | Reached ***** piety under Okawaru
  7604 | D:9      | Found a staircase to the Lair.
  7614 | D:9      | 7614 ||| INVOKING Heroism.
  7624 | D:9      | Reached skill level 6 in Invocations
  7666 | D:9      | Found a runed translucent gate.
  7667 | D:9      | Found a runed translucent gate.
  7668 | D:9      | Found a runed translucent gate.
  7668 | D:9      | Noticed a spectral centaur warrior
  7669 | D:9      | Noticed qw's ghost (novice GrHu)
  7669 | D:9      | Noticed a spectral centaur warrior
  8327 | D:9      | 8327 ||| PLANNING LAIR
  8327 | D:9      | 8327 ||| UPGRADING to +0 pair of boots.
  8332 | D:9      | 8332 ||| READING scroll labelled EXZUIKHOMUJI.
  8366 | Lair:1   | Entered Level 1 of the Lair of Beasts
  8379 | Lair:1   | 8379 ||| INVOKING Heroism.
  8549 | Lair:1   | 8549 ||| INVOKING Heroism.
  8551 | Lair:1   | Noticed a cane toad
  8552 | Lair:1   | Reached XP level 11. HP: 95/95 MP: 12/15
  8676 | Lair:1   | 8676 ||| READING scroll of acquirement.
  8676 | Lair:1   | 8676 ||| ACQUIRING +4 triple crossbow of draining
  8676 | Lair:1   | Acquired a +4 triple crossbow of draining
  8678 | Lair:1   | 8678 ||| SWAPPING to +4 triple crossbow of draining.
  8679 | Lair:1   | 8679 ||| DROPPING +5 heavy orcbow.
  8690 | Lair:1   | Identified the +2 ring mail of the Mind {Fly rF++}
  8769 | Lair:1   | Reached skill level 9 in Fighting
  8833 | Lair:1   | 8833 ||| INVOKING Heroism.
  8931 | Lair:1   | 8931 ||| INVOKING Heroism.
  8932 | Lair:1   | Identified the -1 pair of boots of the Komodo Dragon {+Inv
                  | rF+ Int-4 Stlth+} (Okawaru gifted it to you on level 1 of
                  | the Lair of Beasts)
  8932 | Lair:1   | Received a gift from Okawaru
  8951 | Lair:1   | Found a snail-covered altar of Cheibriados.
  8973 | Lair:1   | 8973 ||| FLEEEEING.
  8975 | Lair:1   | 8975 ||| FLEEEEING.
  8976 | Lair:1   | 8976 ||| FLEEEEING.
  8980 | Lair:1   | 8980 ||| FLEEEEING.
  8982 | Lair:1   | 8982 ||| FLEEEEING.
  8983 | Lair:1   | 8983 ||| FLEEEEING.
  8984 | Lair:1   | 8984 ||| FLEEEEING.
  8985 | Lair:1   | 8985 ||| FLEEEEING.
  8986 | Lair:1   | 8986 ||| FLEEEEING.
  8988 | Lair:1   | 8988 ||| FLEEEEING.
  8989 | Lair:1   | 8989 ||| FLEEEEING.
  8990 | Lair:1   | 8990 ||| FLEEEEING.
  8991 | Lair:1   | 8991 ||| FLEEEEING.
  8995 | Lair:1   | 8995 ||| FLEEEEING.
  8997 | Lair:1   | 8997 ||| FLEEEEING.
  9001 | Lair:1   | 9001 ||| FLEEEEING.
  9003 | Lair:1   | 9003 ||| INVOKING Heroism.
  9245 | Lair:1   | 9245 ||| INVOKING Heroism.
  9388 | Lair:1   | 9388 ||| UPGRADING to +2 ring mail of the Mind {Fly rF++}.
  9398 | Lair:1   | 9398 ||| DROPPING +1 ring mail of fire resistance.
  9399 | Lair:1   | 9399 ||| DROPPING +0 steam dragon scales.
  9400 | Lair:1   | 9400 ||| READING scroll labelled LILEIM ILUUFA.
  9401 | Lair:1   | 9401 ||| READING 2 scrolls of identify.
  9401 | Lair:1   | 9401 ||| IDENTIFYING murky purple potion
  9438 | Lair:2   | 9438 ||| PLANNING GAUNTLET
  9438 | Lair:2   | 9438 ||| INVOKING Heroism.
  9443 | Lair:2   | Reached skill level 9 in Invocations
  9444 | Lair:2   | 9444 ||| DRINKING potion of cancellation.
  9448 | Lair:2   | Found a staircase to the Swamp.
  9475 | Lair:2   | 9475 ||| FLEEEEING.
  9476 | Lair:2   | 9476 ||| FLEEEEING.
  9595 | Lair:2   | Identified the +0 crystal plate armour of Gucolyicw {*Slow
                  | rN+++ Int+2 SInv} (Okawaru gifted it to you on level 2 of
                  | the Lair of Beasts)
  9595 | Lair:2   | Received a gift from Okawaru
  9602 | Lair:2   | Reached XP level 12. HP: 104/104 MP: 18/18
  9701 | Lair:2   | 9701 ||| INVOKING Heroism.
  9707 | Lair:2   | Reached skill level 10 in Fighting
  9804 | Lair:2   | Noticed a death yak
  9805 | Lair:2   | 9805 ||| INVOKING Heroism.
  9806 | Lair:2   | 9806 ||| INVOKING Finesse.
  9827 | Lair:2   | Killed a death yak
  9917 | Lair:2   | Found a runed translucent door.
  9939 | Lair:2   | Noticed a dire elephant
  9939 | Lair:2   | Noticed a dire elephant
  9957 | Lair:2   | 9957 ||| RIP GAUNTLET
  9970 | Lair:2   | 9970 ||| PLANNING LAIR
 10499 | Lair:2   | 10499 ||| DROPPING scarf of harm.
 10556 | Lair:3   | 10556 ||| STAIRDANCE
 10767 | Lair:3   | 10767 ||| INVOKING Heroism.
 10772 | Lair:3   | Noticed a five-headed hydra
 10775 | Lair:3   | Noticed a six-headed hydra
 10779 | Lair:3   | Killed a five-headed hydra
 10780 | Lair:3   | Reached skill level 15 in Ranged Weapons
 10785 | Lair:3   | Killed a six-headed hydra
 10919 | Lair:3   | Reached skill level 9 in Dodging
 10925 | Lair:3   | 10925 ||| INVOKING Heroism.
 10927 | Lair:3   | Noticed a six-headed hydra
 10930 | Lair:3   | Reached skill level 6 in Armour
 10937 | Lair:3   | Killed a six-headed hydra
 10966 | Lair:3   | 10966 ||| INVOKING Heroism.
 11186 | Lair:3   | Found a hole to the Spider Nest.
 11263 | Lair:3   | 11263 ||| INVOKING Heroism.
 11910 | Lair:4   | Reached skill level 11 in Fighting
 11938 | Lair:4   | Noticed a five-headed hydra
 11939 | Lair:4   | 11939 ||| INVOKING Heroism.
 11942 | Lair:4   | Killed a five-headed hydra
 11976 | Lair:4   | Reached XP level 13. HP: 116/116 MP: 19/19
 11994 | Lair:4   | 11994 ||| INVOKING Heroism.
 12052 | Lair:4   | 12052 ||| INVOKING Heroism.
 12058 | Lair:4   | Received a gift from Okawaru
 12345 | Lair:5   | Entered Level 5 of the Lair of Beasts
 12346 | Lair:5   | 12346 ||| INVOKING Heroism.
 12454 | Lair:5   | 12454 ||| INVOKING Heroism.
 12502 | Lair:5   | 12502 ||| INVOKING Heroism.
 12549 | Lair:5   | 12549 ||| INVOKING Heroism.
 12624 | Lair:5   | Identified the +5 longbow "Narph" {elec, Drain Fly rF+
                  | Str+2} (Okawaru gifted it to you on level 5 of the Lair of
                  | Beasts)
 12624 | Lair:5   | Received a gift from Okawaru
 12651 | Lair:5   | 12651 ||| INVOKING Heroism.
 12652 | Lair:5   | 12652 ||| INVOKING Finesse.
 12656 | Lair:5   | 12656 ||| Stepping ~*~*~tactically~*~*~ (cloud).
 12657 | Lair:5   | 12657 ||| Stepping ~*~*~tactically~*~*~ (cloud).
 12659 | Lair:5   | 12659 ||| Stepping ~*~*~tactically~*~*~ (cloud).
 12742 | Lair:5   | 12742 ||| INVOKING Heroism.
 12743 | Lair:5   | 12743 ||| INVOKING Finesse.
 12770 | Lair:5   | Reached skill level 18 in Ranged Weapons
 12824 | Lair:5   | 12824 ||| Stepping ~*~*~tactically~*~*~ (cloud).
 12828 | Lair:5   | 12828 ||| INVOKING Heroism.
 12829 | Lair:5   | 12829 ||| Stepping ~*~*~tactically~*~*~ (cloud).
 12831 | Lair:5   | 12831 ||| Stepping ~*~*~tactically~*~*~ (cloud).
 12878 | Lair:5   | 12878 ||| INVOKING Heroism.
 12886 | Lair:5   | Reached skill level 12 in Fighting
 12980 | Lair:5   | 12980 ||| INVOKING Heroism.
 12985 | Lair:5   | 12985 ||| INVOKING Finesse.
 13151 | Lair:5   | 13151 ||| INVOKING Heroism.
 13179 | Lair:5   | Found a staircase to the Slime Pits.
 13188 | Lair:5   | Found a viscous altar of Jiyva.
 13246 | Lair:5   | 13246 ||| FLEEEEING.
 13247 | Lair:5   | 13247 ||| FLEEEEING.
 13249 | Lair:5   | 13249 ||| FLEEEEING.
 13322 | Lair:5   | 13322 ||| INVOKING Heroism.
 13355 | Lair:5   | 13355 ||| UPGRADING to +0 cloak of willpower.
 13369 | Lair:5   | 13369 ||| UPGRADING to +0 cloak of willpower.
 13379 | Lair:5   | 13379 ||| DROPPING +0 cloak.
 13460 | Lair:5   | 13460 ||| INVOKING Heroism.
 13464 | Lair:5   | Reached XP level 14. HP: 126/126 MP: 17/20
 13842 | Lair:5   | 13842 ||| PLANNING D:1-11
 13842 | Lair:5   | 13842 ||| READING scroll labelled BESKUO ZITHREIS.
 13843 | Lair:5   | 13843 ||| READING scroll labelled YZAFUTUUCIS.
 13962 | D:10     | Entered Level 10 of the Dungeon
 13962 | D:10     | Noticed Fannar
 13970 | D:10     | 13970 ||| STAIRDANCE
 13975 | D:9      | Killed Fannar
 13975 | D:9      | Received a gift from Okawaru
 14160 | D:10     | Found a staircase to the Orcish Mines.
 14264 | D:10     | Noticed Harold
 14273 | D:10     | Killed Harold
 14662 | D:10     | 14662 ||| READING 8 scrolls of identify.
 14662 | D:10     | 14662 ||| IDENTIFYING fizzy yellow potion
 14663 | D:10     | 14663 ||| DROPPING potion of lignification.
 15144 | D:11     | Noticed Erica
 15145 | D:11     | 15145 ||| INVOKING Heroism.
 15146 | D:11     | 15146 ||| INVOKING Finesse.
 15150 | D:11     | Killed Erica
 15162 | D:11     | 15162 ||| Stepping randomly (disturbance).
 15495 | D:11     | 15495 ||| READING scroll of enchant armour.
 15495 | D:11     | 15495 ||| ENCHANTING +1 pair of gloves.
 15519 | D:11     | 15519 ||| PLANNING D
 15868 | D:12     | Identified the +1 pair of boots "Oburphir" {-Tele rN+
                  | Dex+6} (Okawaru gifted it to you on level 12 of the
                  | Dungeon)
 15868 | D:12     | Received a gift from Okawaru
 15900 | D:12     | Found a transporter.
 15905 | D:12     | Found a transporter.
 15963 | D:12     | Noticed Gauc's ghost (journeyman HOFi)
 16221 | D:12     | Reached skill level 13 in Fighting
 16300 | D:12     | Found a bloodstained altar of Trog.
 16341 | D:12     | 16341 ||| DROPPING +0 ring mail of cold resistance.
 16342 | D:12     | 16342 ||| DROPPING ring of poison resistance.
 16343 | D:12     | 16343 ||| READING 2 scrolls labelled WOSHRA MATRIO.
 16344 | D:12     | 16344 ||| DROPPING scroll of noise.
 16381 | D:13     | 16381 ||| INVOKING Heroism.
 16396 | D:13     | 16396 ||| Stepping ~*~*~tactically~*~*~ (outnumbered).
 16398 | D:13     | 16398 ||| Stepping ~*~*~tactically~*~*~ (outnumbered).
 16400 | D:13     | 16400 ||| INVOKING Heroism.
 16578 | D:13     | Found a gate to the Vaults.
 16582 | D:13     | 16582 ||| INVOKING Heroism.
 16856 | D:13     | Identified the +0 pair of gloves of Xoeng {+Blink rPois
                  | SInv} (Okawaru gifted it to you on level 13 of the Dungeon)
 16856 | D:13     | Received a gift from Okawaru
 16937 | D:13     | 16937 ||| INVOKING Heroism.
 16938 | D:13     | 16938 ||| INVOKING Finesse.
 17113 | D:13     | Found a sacrificial altar of Ru.
 17313 | D:13     | Found Haekessa's Antique Weapon Boutique.
 17341 | D:13     | 17341 ||| UPGRADING to +0 pair of gloves of Xoeng {+Blink
                  | rPois SInv}.
 17480 | D:14     | 17480 ||| INVOKING Heroism.
 17705 | D:14     | Reached skill level 12 in Dodging
 17705 | D:14     | 17705 ||| FLEEEEING.
 17977 | D:14     | 17977 ||| DROPPING +2 pair of gloves.
 17994 | D:15     | Entered Level 15 of the Dungeon
 18013 | D:15     | 18013 ||| INVOKING Heroism.
 18021 | D:15     | Reached XP level 15. HP: 136/136 MP: 19/21
 18106 | D:15     | 18106 ||| INVOKING Heroism.
 18110 | D:15     | Reached skill level 14 in Fighting
 18134 | D:15     | Found a staircase to the Depths.
 18140 | D:15     | 18140 ||| INVOKING Heroism.
 18196 | D:15     | 18196 ||| READING scroll of enchant armour.
 18196 | D:15     | 18196 ||| ENCHANTING +0 pair of boots.
 18454 | D:15     | 18454 ||| PLANNING ORC
 18586 | Orc:1    | Entered Level 1 of the Orcish Mines
 18636 | Orc:1    | 18636 ||| INVOKING Heroism.
 18637 | Orc:1    | 18637 ||| INVOKING Finesse.
 18944 | Orc:2    | Entered Level 2 of the Orcish Mines
 18962 | Orc:2    | Noticed Josephine
 18966 | Orc:2    | Killed Josephine
 18967 | Orc:2    | Reached skill level 21 in Ranged Weapons
 18996 | Orc:2    | 18996 ||| INVOKING Heroism.
 19000 | Orc:2    | 19000 ||| INVOKING Finesse.
 19033 | Orc:2    | 19033 ||| INVOKING Heroism.
 19134 | Orc:2    | 19134 ||| INVOKING Heroism.
 19142 | Orc:2    | Reached skill level 9 in Armour
 19144 | Orc:2    | Identified the +3 scale mail of Resonant Mirth {rC+}
                  | (Okawaru gifted it to you on level 2 of the Orcish Mines)
 19144 | Orc:2    | Received a gift from Okawaru
 19151 | Orc:2    | Reached ****** piety under Okawaru
 19243 | Orc:2    | Found Cowusof's Armour Emporium.
 19243 | Orc:2    | Found Woedwub's Jewellery Shop.
 19243 | Orc:2    | Found Eprussaof's Antique Armour Boutique.
 19243 | Orc:2    | Found Evvelogi's Weapon Emporium.
 19257 | Orc:2    | 19257 ||| BUYING scarf of resistance (480 gold).
 19257 | Orc:2    | Bought a scarf of resistance for 480 gold pieces
 19258 | Orc:2    | 19258 ||| BUYING dyed leather armour (120 gold).
 19258 | Orc:2    | Bought a dyed leather armour for 120 gold pieces
 19258 | Orc:2    | 19258 ||| BUYING glowing cloak (180 gold).
 19258 | Orc:2    | Bought a glowing cloak for 180 gold pieces
 19260 | Orc:2    | 19260 ||| BUYING +6 ring of dexterity (468 gold).
 19260 | Orc:2    | Bought a +6 ring of dexterity for 468 gold pieces
 19260 | Orc:2    | 19260 ||| BUYING amulet of Etotein {Faith rF+ Str+2} (756
                  | gold).
 19260 | Orc:2    | Bought the amulet of Etotein {Faith rF+ Str+2} for 756 gold
                  | pieces
 19260 | Orc:2    | 19260 ||| BUYING amulet of regeneration (390 gold).
 19260 | Orc:2    | Bought an amulet of regeneration for 390 gold pieces
 19269 | Orc:2    | Noticed Rupert
 19270 | Orc:2    | 19270 ||| INVOKING Heroism.
 19271 | Orc:2    | 19271 ||| INVOKING Finesse.
 19275 | Orc:2    | Killed Rupert
 19276 | Orc:2    | Reached skill level 15 in Fighting
 19311 | Orc:2    | 19311 ||| FLEEEEING.
 19312 | Orc:2    | 19312 ||| FLEEEEING.
 19313 | Orc:2    | 19313 ||| FLEEEEING.
 19314 | Orc:2    | 19314 ||| INVOKING Heroism.
 19480 | Orc:2    | Found a staircase to the Elven Halls.
 19486 | Orc:2    | 19486 ||| INVOKING Heroism.
 19487 | Orc:2    | 19487 ||| INVOKING Finesse.
 19488 | Orc:2    | 19488 ||| INVOKING Finesse.
 19609 | Orc:2    | 19609 ||| PLANNING SWAMP:1-3
 19609 | Orc:2    | 19609 ||| UPGRADING to scarf of resistance.
 19619 | Orc:2    | 19619 ||| DROPPING amulet of the acrobat.
 19620 | Orc:2    | 19620 ||| UPGRADING to amulet of Etotein {Faith rF+ Str+2}.
 19630 | Orc:2    | 19630 ||| UPGRADING to +0 cloak of willpower.
 19640 | Orc:2    | 19640 ||| DROPPING amulet of faith.
 19641 | Orc:2    | 19641 ||| DROPPING ring of protection from fire.
 19642 | Orc:2    | 19642 ||| UPGRADING to +6 ring of dexterity.
 19644 | Orc:2    | 19644 ||| DROPPING +5 ring of evasion.
 19785 | Swamp:1  | Entered Level 1 of the Swamp
 19839 | Swamp:1  | 19839 ||| INVOKING Heroism.
 19861 | Swamp:1  | 19861 ||| Stepping ~*~*~tactically~*~*~ (outnumbered).
 19872 | Swamp:1  | Received a gift from Okawaru
 19873 | Swamp:1  | Reached XP level 16. HP: 149/149 MP: 22/22
 19968 | Swamp:1  | 19968 ||| INVOKING Heroism.
 19973 | Swamp:1  | 19973 ||| Stepping ~*~*~tactically~*~*~ (outnumbered).
 20005 | Swamp:1  | 20005 ||| Stepping ~*~*~tactically~*~*~ (cloud).
 20006 | Swamp:1  | 20006 ||| FLEEEEING.
 20007 | Swamp:1  | 20007 ||| FLEEEEING.
 20008 | Swamp:1  | 20008 ||| FLEEEEING.
 20009 | Swamp:1  | 20009 ||| FLEEEEING.
 20010 | Swamp:1  | 20010 ||| FLEEEEING.
 20011 | Swamp:1  | 20011 ||| FLEEEEING.
 20012 | Swamp:1  | 20012 ||| FLEEEEING.
 20013 | Swamp:1  | 20013 ||| FLEEEEING.
 20014 | Swamp:1  | 20014 ||| FLEEEEING.
 20015 | Swamp:1  | 20015 ||| FLEEEEING.
 20016 | Swamp:1  | 20016 ||| FLEEEEING.
 20017 | Swamp:1  | 20017 ||| FLEEEEING.
 20018 | Swamp:1  | 20018 ||| FLEEEEING.
 20019 | Swamp:1  | 20019 ||| FLEEEEING.
 20020 | Swamp:1  | 20020 ||| FLEEEEING.
 20021 | Swamp:1  | 20021 ||| STAIRDANCE
 20161 | Swamp:1  | 20161 ||| STAIRDANCE
 20463 | Swamp:2  | 20463 ||| INVOKING Heroism.
 20474 | Swamp:2  | 20474 ||| STAIRDANCE
 20476 | Swamp:1  | 20476 ||| INVOKING Heroism.
 20526 | Swamp:2  | 20526 ||| INVOKING Heroism.
 20527 | Swamp:2  | Noticed a tentacled monstrosity
 20535 | Swamp:2  | Killed a tentacled monstrosity
 20536 | Swamp:2  | Reached skill level 15 in Dodging
 20546 | Swamp:2  | 20546 ||| Stepping ~*~*~tactically~*~*~ (cloud).
 20796 | Swamp:2  | Identified the +4 plate armour "Xozafu" {rF+++ rN+ Dex-4}
 20928 | Swamp:2  | 20928 ||| DROPPING ring of resist corrosion.
 20936 | Swamp:3  | 20936 ||| INVOKING Heroism.
 20948 | Swamp:3  | Identified the +0 ring mail of Okawaru's Generosity {Will+
                  | Dex+3} (Okawaru gifted it to you on level 3 of the Swamp)
 20948 | Swamp:3  | Received a gift from Okawaru
 21041 | Swamp:3  | 21041 ||| INVOKING Heroism.
 21177 | Swamp:3  | 21177 ||| INVOKING Heroism.
 21180 | Swamp:3  | 21180 ||| Stepping ~*~*~tactically~*~*~ (outnumbered).
 21181 | Swamp:3  | 21181 ||| Stepping ~*~*~tactically~*~*~ (outnumbered).
 21182 | Swamp:3  | 21182 ||| INVOKING Finesse.
 21185 | Swamp:3  | 21185 ||| Stepping ~*~*~tactically~*~*~ (outnumbered).
 21273 | Swamp:3  | 21273 ||| INVOKING Heroism.
 21333 | Swamp:3  | 21333 ||| INVOKING Heroism.
 21368 | Swamp:3  | 21368 ||| INVOKING Heroism.
 21420 | Swamp:3  | 21420 ||| INVOKING Heroism.
 21423 | Swamp:3  | 21423 ||| Stepping ~*~*~tactically~*~*~ (cloud).
 21773 | Swamp:3  | Noticed a tentacled monstrosity
 21774 | Swamp:3  | 21774 ||| INVOKING Heroism.
 21778 | Swamp:3  | Killed a tentacled monstrosity
 21878 | Swamp:3  | 21878 ||| PLANNING SPIDER:1-3
 21878 | Swamp:3  | 21878 ||| DROPPING +3 ring mail of willpower.
 21940 | Spider:1 | Entered Level 1 of the Spider Nest
 22013 | Spider:1 | 22013 ||| INVOKING Heroism.
 22226 | Spider:1 | Reached skill level 16 in Fighting
 22364 | Spider:1 | 22364 ||| INVOKING Finesse.
 22414 | Spider:1 | 22414 ||| INVOKING Finesse.
 22660 | Spider:1 | 22660 ||| FLEEEEING.
 22661 | Spider:1 | 22661 ||| FLEEEEING.
 22662 | Spider:1 | 22662 ||| FLEEEEING.
 22663 | Spider:1 | 22663 ||| FLEEEEING.
 22664 | Spider:1 | 22664 ||| FLEEEEING.
 22665 | Spider:1 | 22665 ||| FLEEEEING.
 22797 | Spider:1 | Identified the +1 robe of Fallacy {Harm *Slow rF+ rN+++}
 22966 | Spider:1 | 22966 ||| DROPPING +1 robe of Fallacy {Harm *Slow rF+
                  | rN+++}.
 22967 | Spider:1 | 22967 ||| DROPPING ring of wizardry.
 22996 | Spider:2 | 22996 ||| INVOKING Finesse.
 23028 | Spider:2 | 23028 ||| INVOKING Finesse.
 23036 | Spider:2 | Reached XP level 17. HP: 158/158 MP: 0/23
 23244 | Spider:2 | Found a frozen archway.
 23245 | Spider:2 | 23245 ||| INVOKING Heroism.
 23246 | Spider:2 | 23246 ||| INVOKING Finesse.
 23378 | Spider:2 | Received a gift from Okawaru
 23380 | Spider:2 | 23380 ||| INVOKING Heroism.
 23517 | Spider:2 | Noticed Frances
 23518 | Spider:2 | 23518 ||| INVOKING Heroism.
 23519 | Spider:2 | 23519 ||| INVOKING Finesse.
 23525 | Spider:2 | Killed Frances
 23529 | Spider:2 | 23529 ||| DRINKING 2 potions of resistance.
 23593 | Spider:2 | 23593 ||| INVOKING Heroism.
 23691 | Spider:2 | 23691 ||| INVOKING Heroism.
 23693 | Spider:2 | Reached skill level 17 in Fighting
 23851 | Spider:2 | Noticed Arachne
 23852 | Spider:2 | 23852 ||| INVOKING Finesse.
 23856 | Spider:2 | Killed Arachne
 23890 | Spider:2 | 23890 ||| READING 2 scrolls of enchant weapon.
 23890 | Spider:2 | 23890 ||| ENCHANTING +5 triple crossbow of freezing.
 23891 | Spider:2 | 23891 ||| READING scroll of enchant weapon.
 23891 | Spider:2 | 23891 ||| ENCHANTING +6 triple crossbow of freezing.
 24002 | Spider:2 | 24002 ||| INVOKING Heroism.
 24021 | Spider:2 | 24021 ||| READING scroll of enchant weapon.
 24021 | Spider:2 | 24021 ||| ENCHANTING +7 triple crossbow of freezing.
 24069 | Spider:2 | 24069 ||| DROPPING scarf of invisibility.
 24070 | Spider:2 | 24070 ||| DROPPING +2 ring mail of cold resistance.
 24102 | Spider:3 | 24102 ||| INVOKING Heroism.
 24147 | Spider:3 | 24147 ||| INVOKING Heroism.
 24181 | Spider:3 | Noticed Bai Suzhen
 24182 | Spider:3 | 24182 ||| INVOKING Finesse.
 24186 | Spider:3 | Killed Bai Suzhen
 24332 | Spider:3 | 24332 ||| INVOKING Heroism.
 24347 | Spider:3 | Reached skill level 18 in Dodging
 24412 | Spider:3 | 24412 ||| INVOKING Finesse.
 24413 | Spider:3 | 24413 ||| Stepping ~*~*~tactically~*~*~ (outnumbered).
 24422 | Spider:3 | Received a gift from Okawaru
 24520 | Spider:3 | 24520 ||| Stepping ~*~*~tactically~*~*~ (outnumbered).
 24536 | Spider:3 | 24536 ||| Stepping ~*~*~tactically~*~*~ (outnumbered).
 24546 | Spider:3 | Noticed Azrael
 24548 | Spider:3 | 24548 ||| Stepping ~*~*~tactically~*~*~ (outnumbered).
 24553 | Spider:3 | Killed Azrael
 24565 | Spider:3 | 24565 ||| INVOKING Heroism.
 24829 | Spider:3 | 24829 ||| PLANNING SWAMP:4
 24929 | Swamp:4  | Entered Level 4 of the Swamp
 24930 | Swamp:4  | 24930 ||| INVOKING Heroism.
 24934 | Swamp:4  | Reached skill level 18 in Fighting
 24974 | Swamp:4  | 24974 ||| Stepping ~*~*~tactically~*~*~ (cloud).
 24975 | Swamp:4  | 24975 ||| INVOKING Heroism.
 24977 | Swamp:4  | 24977 ||| INVOKING Finesse.
 25196 | Swamp:4  | 25196 ||| INVOKING Heroism.
 25300 | Swamp:4  | 25300 ||| INVOKING Heroism.
 25363 | Swamp:4  | Noticed a tentacled monstrosity
 25364 | Swamp:4  | 25364 ||| INVOKING Heroism.
 25365 | Swamp:4  | 25365 ||| INVOKING Finesse.
 25366 | Swamp:4  | 25366 ||| INVOKING Finesse.
 25371 | Swamp:4  | Killed a tentacled monstrosity
 25426 | Swamp:4  | 25426 ||| FLEEEEING.
 25427 | Swamp:4  | 25427 ||| FLEEEEING.
 25428 | Swamp:4  | 25428 ||| FLEEEEING.
 25429 | Swamp:4  | 25429 ||| FLEEEEING.
 25431 | Swamp:4  | 25431 ||| FLEEEEING.
 25433 | Swamp:4  | 25433 ||| FLEEEEING.
 25434 | Swamp:4  | 25434 ||| FLEEEEING.
 25435 | Swamp:4  | 25435 ||| FLEEEEING.
 25559 | Swamp:4  | 25559 ||| Stepping ~*~*~tactically~*~*~ (outnumbered).
 25561 | Swamp:4  | 25561 ||| INVOKING Heroism.
 25578 | Swamp:4  | Reached XP level 18. HP: 134/172 MP: 24/24
 25684 | Swamp:4  | Got a decaying rune of Zot
 25689 | Swamp:4  | 25689 ||| Stepping ~*~*~tactically~*~*~ (outnumbered).
 25691 | Swamp:4  | 25691 ||| Stepping ~*~*~tactically~*~*~ (outnumbered).
 25693 | Swamp:4  | 25693 ||| Stepping ~*~*~tactically~*~*~ (outnumbered).
 25694 | Swamp:4  | 25694 ||| INVOKING Heroism.
 25815 | Swamp:4  | 25815 ||| INVOKING Heroism.
 25905 | Swamp:4  | Identified the +0 buckler of the Sun {+Inv Dex+4} (Okawaru
                  | gifted it to you on level 4 of the Swamp)
 25905 | Swamp:4  | Received a gift from Okawaru
 26016 | Swamp:4  | 26016 ||| PLANNING VAULTS:1-4
 26016 | Swamp:4  | 26016 ||| DROPPING ring of protection from cold.
 26237 | Vaults:1 | Entered Level 1 of the Vaults
 26238 | Vaults:1 | 26238 ||| PLANNING BAZAAR
 26259 | Vaults:1 | Found a flickering gateway to a bazaar.
 26332 | Bazaar   | Entered a bazaar
 26334 | Bazaar   | Found Niuninej's General Store.
 26338 | Bazaar   | 26338 ||| BUYING potion of curing (54 gold).
 26338 | Bazaar   | Bought a potion of curing for 54 gold pieces
 26338 | Bazaar   | 26338 ||| BUYING potion of curing (54 gold).
 26338 | Bazaar   | Bought a potion of curing for 54 gold pieces
 26338 | Bazaar   | Found Vaicyuq's Antique Weapon Boutique.
 26338 | Bazaar   | Found Imma's Magic Scroll Boutique.
 26339 | Bazaar   | Found Rafaok's Weapon Boutique.
 26354 | Bazaar   | 26354 ||| BUYING scroll of brand weapon (95 gold).
 26354 | Bazaar   | Bought a scroll of brand weapon for 95 gold pieces
 26354 | Bazaar   | 26354 ||| READING scroll of brand weapon.
 26354 | Bazaar   | 26354 ||| BRANDING +8 triple crossbow of freezing.
 26367 | Vaults:1 | 26367 ||| PLANNING VAULTS:1-4
 26387 | Vaults:1 | 26387 ||| DRINKING potion of resistance.
 26388 | Vaults:1 | 26388 ||| Stepping ~*~*~tactically~*~*~ (outnumbered).
 26390 | Vaults:1 | 26390 ||| Stepping ~*~*~tactically~*~*~ (outnumbered).
 26492 | Vaults:1 | Reached skill level 19 in Fighting
 26542 | Vaults:1 | 26542 ||| INVOKING Heroism.
 26543 | Vaults:1 | 26543 ||| INVOKING Finesse.
 26554 | Vaults:1 | 26554 ||| DRINKING potion of resistance.
 26647 | Vaults:1 | 26647 ||| READING scroll of acquirement.
 26647 | Vaults:1 | 26647 ||| ACQUIRING 661 gold pieces
 26647 | Vaults:1 | Acquired 661 gold pieces
 26663 | Vaults:1 | 26663 ||| INVOKING Heroism.
 26724 | Vaults:1 | Reached skill level 12 in Armour
 26726 | Vaults:1 | 26726 ||| INVOKING Heroism.
 26770 | Vaults:1 | 26770 ||| INVOKING Heroism.
 26774 | Vaults:1 | HP: 44/176 [centaur warrior/arrow (8)]
 26775 | Vaults:1 | 26775 ||| READING 10 scrolls of teleportation.
 27088 | Vaults:1 | You are sucked into a shaft and drop 1 floor!
 27267 | Vaults:1 | 27267 ||| Stepping ~*~*~tactically~*~*~ (outnumbered).
 27269 | Vaults:1 | 27269 ||| Stepping ~*~*~tactically~*~*~ (outnumbered).
 27405 | Vaults:1 | 27405 ||| Stepping ~*~*~tactically~*~*~ (outnumbered).
 27407 | Vaults:1 | 27407 ||| Stepping ~*~*~tactically~*~*~ (outnumbered).
 27409 | Vaults:1 | 27409 ||| Stepping ~*~*~tactically~*~*~ (outnumbered).
 27619 | Vaults:1 | 27619 ||| FLEEEEING.
 27620 | Vaults:1 | 27620 ||| FLEEEEING.
 27621 | Vaults:1 | 27621 ||| FLEEEEING.
 27622 | Vaults:1 | 27622 ||| FLEEEEING.
 27623 | Vaults:1 | 27623 ||| FLEEEEING.
 27627 | Vaults:1 | 27627 ||| FLEEEEING.
 27628 | Vaults:1 | 27628 ||| FLEEEEING.
 27635 | Vaults:1 | 27635 ||| FLEEEEING.
 27636 | Vaults:1 | 27636 ||| FLEEEEING.
 27637 | Vaults:1 | 27637 ||| FLEEEEING.
 27638 | Vaults:1 | 27638 ||| FLEEEEING.
 27639 | Vaults:1 | 27639 ||| FLEEEEING.
 27640 | Vaults:1 | 27640 ||| FLEEEEING.
 27641 | Vaults:1 | 27641 ||| FLEEEEING.
 27642 | Vaults:1 | 27642 ||| FLEEEEING.
 27865 | Vaults:1 | 27865 ||| INVOKING Heroism.
 27866 | Vaults:1 | 27866 ||| INVOKING Finesse.
 28281 | Vaults:2 | 28281 ||| INVOKING Heroism.
 28282 | Vaults:2 | 28282 ||| INVOKING Finesse.
 28308 | Vaults:2 | Reached skill level 20 in Fighting
 28351 | Vaults:2 | Found Coufiecw's Armour Shop.
 28412 | Vaults:2 | 28412 ||| Stepping ~*~*~tactically~*~*~ (outnumbered).
 28484 | Vaults:2 | 28484 ||| INVOKING Heroism.
 28485 | Vaults:2 | 28485 ||| INVOKING Finesse.
 28488 | Vaults:2 | 28488 ||| Stepping ~*~*~tactically~*~*~ (outnumbered).
 28615 | Vaults:2 | Found Zasup's Armour Shoppe.
 28647 | Vaults:2 | Received a gift from Okawaru
 28658 | Vaults:2 | 28658 ||| INVOKING Heroism.
 28659 | Vaults:2 | 28659 ||| INVOKING Finesse.
 28750 | Vaults:2 | Reached XP level 19. HP: 168/185 MP: 25/25
 28971 | Vaults:2 | Noticed Zenata
 28972 | Vaults:2 | 28972 ||| INVOKING Heroism.
 28973 | Vaults:2 | 28973 ||| INVOKING Finesse.
 28993 | Vaults:2 | Killed Zenata
 28994 | Vaults:2 | Reached skill level 21 in Dodging
 29226 | Vaults:2 | 29226 ||| Stepping ~*~*~tactically~*~*~ (outnumbered).
 29227 | Vaults:2 | 29227 ||| Stepping ~*~*~tactically~*~*~ (outnumbered).
 29235 | Vaults:2 | Identified the +13 plate armour of Poym {rCorr MP+9 Str+2
                  | Dex-2} (Okawaru gifted it to you on level 2 of the Vaults)
 29235 | Vaults:2 | Received a gift from Okawaru
 29328 | Vaults:2 | Found a staircase to the Crypt.
 29359 | Vaults:2 | 29359 ||| INVOKING Heroism.
 29360 | Vaults:2 | 29360 ||| INVOKING Finesse.
 29517 | Vaults:2 | 29517 ||| READING scroll of enchant weapon.
 29517 | Vaults:2 | 29517 ||| ENCHANTING +8 triple crossbow of flaming.
 29756 | Vaults:2 | 29756 ||| FLEEEEING.
 29761 | Vaults:2 | 29761 ||| FLEEEEING.
 29762 | Vaults:2 | 29762 ||| FLEEEEING.
 29763 | Vaults:2 | 29763 ||| INVOKING Heroism.
 29764 | Vaults:2 | 29764 ||| INVOKING Finesse.
 29818 | Vaults:2 | 29818 ||| DROPPING +4 ring mail.
 29819 | Vaults:2 | 29819 ||| READING scroll labelled IMARULUJIXT.
 29836 | Vaults:3 | 29836 ||| PLANNING DESOLATION
 29836 | Vaults:3 | 29836 ||| INVOKING Heroism.
 29906 | Vaults:3 | Found a crumbling gateway.
 30006 | Vaults:3 | Found a glowing silver altar of Zin.
 30006 | Vaults:3 | Found a glowing golden altar of the Shining One.
 30006 | Vaults:3 | Found a white marble altar of Elyvilon.
 30013 | Desolati | Entered the Desolation of Salt
 30046 | Desolati | 30046 ||| INVOKING Heroism.
 30059 | Desolati | Reached skill level 21 in Fighting
 30170 | Desolati | Identified the +4 battleaxe of Omeb {drain, *Slow rC++
                  | Int-5 Dex+8}
 30227 | Desolati | Identified the ring "Sewoot" {Ice rPois rCorr Str+3 Int+3}
 30267 | Desolati | Identified the amulet "Kianamod" {Acrobat rF+ rN+ Int+3
                  | Slay-6}
 30463 | Desolati | 30463 ||| INVOKING Heroism.
 30488 | Desolati | 30488 ||| INVOKING Heroism.
 30530 | Desolati | 30530 ||| FLEEEEING.
 30531 | Desolati | 30531 ||| FLEEEEING.
 30532 | Desolati | 30532 ||| FLEEEEING.
 30533 | Desolati | 30533 ||| FLEEEEING.
 30534 | Desolati | 30534 ||| FLEEEEING.
 30538 | Desolati | 30538 ||| FLEEEEING.
 30539 | Desolati | 30539 ||| FLEEEEING.
 30541 | Desolati | 30541 ||| FLEEEEING.
 30598 | Desolati | Identified the +2 battleaxe of Circularity {chaos, Will+
                  | Int+4}
 30639 | Desolati | 30639 ||| INVOKING Heroism.
 30670 | Desolati | 30670 ||| FLEEEEING.
 30671 | Desolati | 30671 ||| FLEEEEING.
 30702 | Desolati | 30702 ||| INVOKING Heroism.
 30901 | Desolati | Identified the +6 shortbow of Pehiem {freeze, Drain rCorr
                  | Str+6 Dex-3}
 30903 | Desolati | Identified the amulet "Humn" {Spirit Rampage}
 31060 | Desolati | Identified the ring "Dysoarom" {rN+ Str+3}
 31155 | Desolati | 31155 ||| DROPPING +0 swamp dragon scales.
 31156 | Desolati | 31156 ||| DROPPING +0 pair of gloves of stealth.
 31157 | Desolati | 31157 ||| DROPPING +0 robe of cold resistance.
 31158 | Desolati | 31158 ||| DROPPING amulet "Kianamod" {Acrobat rF+ rN+ Int+3
                  | Slay-6}.
 31159 | Desolati | 31159 ||| DROPPING amulet "Humn" {Spirit Rampage}.
 31176 | Vaults:3 | 31176 ||| PLANNING VAULTS:1-4
 31255 | Vaults:3 | 31255 ||| Stepping ~*~*~tactically~*~*~ (outnumbered).
 31258 | Vaults:3 | Received a gift from Okawaru
 31279 | Vaults:3 | 31279 ||| Stepping ~*~*~tactically~*~*~ (outnumbered).
 31281 | Vaults:3 | 31281 ||| Stepping ~*~*~tactically~*~*~ (outnumbered).
 31283 | Vaults:3 | 31283 ||| Stepping ~*~*~tactically~*~*~ (outnumbered).
 31285 | Vaults:3 | 31285 ||| Stepping ~*~*~tactically~*~*~ (outnumbered).
 31316 | Vaults:3 | 31316 ||| INVOKING Heroism.
 31317 | Vaults:3 | 31317 ||| INVOKING Finesse.
 31362 | Vaults:3 | Reached skill level 22 in Fighting
 31429 | Vaults:3 | Reached XP level 20. HP: 148/200 MP: 26/26
 31569 | Vaults:3 | 31569 ||| Stepping ~*~*~tactically~*~*~ (outnumbered).
 31570 | Vaults:3 | 31570 ||| Stepping ~*~*~tactically~*~*~ (outnumbered).
 31574 | Vaults:3 | 31574 ||| Stepping ~*~*~tactically~*~*~ (outnumbered).
 31613 | Vaults:3 | 31613 ||| Stepping ~*~*~tactically~*~*~ (outnumbered).
 31681 | Vaults:3 | 31681 ||| READING scroll of brand weapon.
 31681 | Vaults:3 | 31681 ||| BRANDING +9 triple crossbow of flaming.
 31807 | Vaults:3 | 31807 ||| INVOKING Heroism.
 31808 | Vaults:3 | 31808 ||| INVOKING Finesse.
 31875 | Vaults:3 | Identified the ring "Hexzanec" {rC+ rN+ Will+}
 32191 | Vaults:3 | Found a portal to a secret trove of treasure.
 32311 | Vaults:3 | 32311 ||| DROPPING +1 hat of stealth.
 32312 | Vaults:3 | 32312 ||| DROPPING amulet of guardian spirit.
 32313 | Vaults:3 | 32313 ||| DROPPING ring "Hexzanec" {rC+ rN+ Will+}.
 32390 | Vaults:4 | Identified the +6 scale mail "Beimi" {rPois}
 32395 | Vaults:4 | 32395 ||| Stepping ~*~*~tactically~*~*~ (outnumbered).
 32397 | Vaults:4 | 32397 ||| Stepping ~*~*~tactically~*~*~ (outnumbered).
 32583 | Vaults:4 | 32583 ||| INVOKING Heroism.
 32584 | Vaults:4 | 32584 ||| INVOKING Finesse.
 32597 | Vaults:4 | 32597 ||| Stepping ~*~*~tactically~*~*~ (outnumbered).
 32599 | Vaults:4 | 32599 ||| Stepping ~*~*~tactically~*~*~ (outnumbered).
 32887 | Vaults:4 | 32887 ||| Stepping ~*~*~tactically~*~*~ (outnumbered).
 32891 | Vaults:4 | 32891 ||| INVOKING Heroism.
 32893 | Vaults:4 | Reached skill level 23 in Fighting
 33054 | Vaults:4 | 33054 ||| Stepping ~*~*~tactically~*~*~ (outnumbered).
 33106 | Vaults:4 | 33106 ||| FLEEEEING.
 33107 | Vaults:4 | 33107 ||| FLEEEEING.
 33114 | Vaults:4 | 33114 ||| FLEEEEING.
 33115 | Vaults:4 | 33115 ||| FLEEEEING.
 33116 | Vaults:4 | 33116 ||| FLEEEEING.
 33121 | Vaults:4 | 33121 ||| FLEEEEING.
 33122 | Vaults:4 | 33122 ||| FLEEEEING.
 33123 | Vaults:4 | 33123 ||| FLEEEEING.
 33124 | Vaults:4 | 33124 ||| FLEEEEING.
 33131 | Vaults:4 | 33131 ||| FLEEEEING.
 33132 | Vaults:4 | 33132 ||| FLEEEEING.
 33300 | Vaults:4 | Received a gift from Okawaru
 33456 | Vaults:4 | 33456 ||| FLEEEEING.
 33615 | Vaults:4 | 33615 ||| Stepping ~*~*~tactically~*~*~ (outnumbered).
 33617 | Vaults:4 | 33617 ||| Stepping ~*~*~tactically~*~*~ (outnumbered).
 33618 | Vaults:4 | 33618 ||| Stepping ~*~*~tactically~*~*~ (outnumbered).
 33718 | Vaults:4 | 33718 ||| PLANNING SPIDER:4
 34086 | Spider:4 | Entered Level 4 of the Spider Nest
 34112 | Spider:4 | Reached skill level 24 in Fighting
 34254 | Spider:4 | 34254 ||| INVOKING Finesse.
 34370 | Spider:4 | Identified the +1 robe "Wosaujatt" {rElec Archmagi}
 34397 | Spider:4 | 34397 ||| INVOKING Finesse.
 34529 | Spider:4 | 34529 ||| FLEEEEING.
 34530 | Spider:4 | 34530 ||| FLEEEEING.
 34531 | Spider:4 | 34531 ||| FLEEEEING.
 34532 | Spider:4 | 34532 ||| FLEEEEING.
 34536 | Spider:4 | 34536 ||| FLEEEEING.
 34537 | Spider:4 | 34537 ||| FLEEEEING.
 34566 | Spider:4 | Reached skill level 15 in Armour
 34587 | Spider:4 | 34587 ||| FLEEEEING.
 34588 | Spider:4 | 34588 ||| FLEEEEING.
 34589 | Spider:4 | 34589 ||| FLEEEEING.
 34590 | Spider:4 | 34590 ||| FLEEEEING.
 34591 | Spider:4 | 34591 ||| FLEEEEING.
 34592 | Spider:4 | 34592 ||| FLEEEEING.
 34593 | Spider:4 | 34593 ||| FLEEEEING.
 34594 | Spider:4 | 34594 ||| FLEEEEING.
 34596 | Spider:4 | 34596 ||| FLEEEEING.
 34597 | Spider:4 | 34597 ||| FLEEEEING.
 34598 | Spider:4 | 34598 ||| FLEEEEING.
 34599 | Spider:4 | 34599 ||| FLEEEEING.
 34721 | Spider:4 | 34721 ||| Stepping ~*~*~tactically~*~*~ (outnumbered).
 34830 | Spider:4 | 34830 ||| INVOKING Heroism.
 34959 | Spider:4 | Identified the +2 pair of boots of Patterns {rPois rF+
                  | Will- Str+3}
 34966 | Spider:4 | Got a gossamer rune of Zot
 34974 | Spider:4 | 34974 ||| Stepping ~*~*~tactically~*~*~ (outnumbered).
 34979 | Spider:4 | 34979 ||| Stepping ~*~*~tactically~*~*~ (outnumbered).
 35104 | Spider:4 | 35104 ||| PLANNING DEPTHS
 35104 | Spider:4 | 35104 ||| DROPPING +1 robe "Wosaujatt" {rElec Archmagi}.
 35105 | Spider:4 | 35105 ||| UPGRADING to scarf of repulsion.
 35115 | Spider:4 | 35115 ||| DROPPING -1 pair of boots of the Komodo Dragon
                  | {+Inv rF+ Int-4 Stlth+}.
 35116 | Spider:4 | 35116 ||| DROPPING scarf of shadows.
 35117 | Spider:4 | 35117 ||| DROPPING +3 leather armour of poison resistance.
 35118 | Spider:4 | 35118 ||| DROPPING ring "Sewoot" {Ice rPois rCorr Str+3
                  | Int+3}.
 35402 | Depths:1 | Entered Level 1 of the Depths
 35406 | Depths:1 | Paralysed by a floating eye for 4 turns
 35616 | Depths:1 | Found a gateway to Hell.
 35710 | Depths:1 | 35710 ||| INVOKING Finesse.
 35734 | Depths:1 | Reached skill level 25 in Fighting
 35871 | Depths:1 | Found a transporter.
 35873 | Depths:1 | Found a transporter.
 35877 | Depths:1 | Found a transporter.
 35895 | Depths:1 | 35895 ||| INVOKING Heroism.
 35896 | Depths:1 | 35896 ||| INVOKING Finesse.
 35955 | Depths:1 | 35955 ||| FLEEEEING.
 35956 | Depths:1 | 35956 ||| FLEEEEING.
 35957 | Depths:1 | 35957 ||| FLEEEEING.
 35958 | Depths:1 | 35958 ||| FLEEEEING.
 35964 | Depths:1 | 35964 ||| FLEEEEING.
 35965 | Depths:1 | 35965 ||| FLEEEEING.
 35966 | Depths:1 | 35966 ||| FLEEEEING.
 35967 | Depths:1 | 35967 ||| FLEEEEING.
 35974 | Depths:1 | 35974 ||| STAIRDANCE
 35996 | Depths:1 | Found a transporter.
 36088 | Depths:1 | 36088 ||| INVOKING Heroism.
 36090 | Depths:1 | 36090 ||| INVOKING Finesse.
 36104 | Depths:1 | Reached XP level 21. HP: 217/217 MP: 21/27
 36205 | Depths:1 | 36205 ||| INVOKING Heroism.
 36207 | Depths:1 | 36207 ||| INVOKING Finesse.
 36409 | Depths:2 | 36409 ||| INVOKING Heroism.
 36516 | Depths:2 | Gained mutation: Your magical capacity is low. (-10% MP)
                  | [mutagenic glow]
 36525 | Depths:2 | Gained mutation: Your spells are a little harder to cast,
                  | but a little more powerful. [mutagenic glow]
 36527 | Depths:2 | 36527 ||| INVOKING Heroism.
 36536 | Depths:2 | Lost mutation: You have sharp toenails. [mutagenic glow]
 36764 | Depths:2 | 36764 ||| INVOKING Heroism.
 36765 | Depths:2 | 36765 ||| INVOKING Finesse.
 36829 | Depths:2 | 36829 ||| INVOKING Heroism.
 36927 | Depths:2 | Found a one-way gateway to a ziggurat.
 37052 | Depths:2 | 37052 ||| INVOKING Finesse.
 37156 | Depths:2 | 37156 ||| READING 3 scrolls of brand weapon.
 37156 | Depths:2 | 37156 ||| BRANDING +9 triple crossbow of draining.
 37157 | Depths:2 | 37157 ||| READING 2 scrolls of brand weapon.
 37157 | Depths:2 | 37157 ||| BRANDING +9 triple crossbow of flaming.
 37158 | Depths:2 | 37158 ||| DROPPING +5 longbow "Narph" {elec, Drain Fly rF+
                  | Str+2}.
 37176 | Depths:2 | Reached skill level 26 in Fighting
 37176 | Depths:2 | Found a one-way gate leading to the halls of Pandemonium.
 37239 | Depths:2 | 37239 ||| INVOKING Finesse.
 37281 | Depths:2 | 37281 ||| INVOKING Heroism.
 37287 | Depths:2 | 37287 ||| INVOKING Finesse.
 37328 | Depths:2 | 37328 ||| INVOKING Heroism.
 37434 | Depths:2 | 37434 ||| INVOKING Heroism.
 37828 | Depths:3 | 37828 ||| Stepping ~*~*~tactically~*~*~ (outnumbered).
 37832 | Depths:3 | 37832 ||| Stepping ~*~*~tactically~*~*~ (outnumbered).
 37873 | Depths:3 | 37873 ||| INVOKING Heroism.
 37874 | Depths:3 | 37874 ||| INVOKING Finesse.
 37899 | Depths:3 | Noticed a golden dragon
 37900 | Depths:3 | 37900 ||| INVOKING Heroism.
 37901 | Depths:3 | Killed a golden dragon
 37973 | Depths:3 | 37973 ||| Stepping ~*~*~tactically~*~*~ (outnumbered).
 38031 | Depths:3 | 38031 ||| INVOKING Finesse.
 38035 | Depths:3 | 38035 ||| INVOKING Heroism.
 38038 | Depths:3 | 38038 ||| Stepping ~*~*~tactically~*~*~ (outnumbered).
 38045 | Depths:3 | Reached skill level 27 in Fighting
 38113 | Depths:3 | Identified the +2 pair of gloves of Dyspraxia {rF+ Int+4}
                  | (Okawaru gifted it to you on level 3 of the Depths)
 38113 | Depths:3 | Received a gift from Okawaru
 38140 | Depths:3 | 38140 ||| INVOKING Heroism.
 38201 | Depths:3 | 38201 ||| FLEEEEING.
 38202 | Depths:3 | 38202 ||| FLEEEEING.
 38203 | Depths:3 | 38203 ||| FLEEEEING.
 38211 | Depths:3 | 38211 ||| INVOKING Finesse.
 38311 | Depths:3 | 38311 ||| INVOKING Heroism.
 38312 | Depths:3 | 38312 ||| INVOKING Finesse.
 38424 | Depths:3 | 38424 ||| READING scroll of enchant armour.
 38424 | Depths:3 | 38424 ||| ENCHANTING +1 pair of boots.
 38441 | Depths:3 | 38441 ||| INVOKING Finesse.
 38789 | Depths:3 | 38789 ||| INVOKING Heroism.
 38970 | Depths:3 | 38970 ||| INVOKING Heroism.
 39101 | Depths:3 | 39101 ||| DROPPING +2 pair of gloves.
 39102 | Depths:3 | 39102 ||| DROPPING amulet of regeneration.
 39103 | Depths:3 | 39103 ||| READING scroll labelled YVVUELIGGO.
 39316 | Depths:4 | Entered Level 4 of the Depths
 39325 | Depths:4 | Reached XP level 22. HP: 233/233 MP: 26/26
 39332 | Depths:4 | 39332 ||| INVOKING Heroism.
 39334 | Depths:4 | Noticed a golden dragon
 39345 | Depths:4 | Killed a golden dragon
 39354 | Depths:4 | Reached skill level 18 in Armour
 39362 | Depths:4 | HP: 57/233 [deep troll shaman (15)]
 39363 | Depths:4 | 39363 ||| READING 12 scrolls of teleportation.
 39364 | Depths:4 | 39364 ||| DRINKING 13 potions of heal wounds.
 39365 | Depths:4 | 39365 ||| INVOKING Heroism.
 39496 | Depths:4 | 39496 ||| INVOKING Heroism.
 39730 | Depths:4 | 39730 ||| INVOKING Heroism.
 39852 | Depths:4 | Noticed a juggernaut
 39853 | Depths:4 | 39853 ||| INVOKING Heroism.
 39859 | Depths:4 | Killed a juggernaut
 40165 | Depths:4 | Found a gate to the Realm of Zot.
 40307 | Depths:4 | Found a sparkling altar of Nemelex Xobeh.
 40353 | Depths:4 | Found an ancient bone altar of Kikubaaqudgha.
 40387 | Depths:4 | 40387 ||| PLANNING VAULTS:5
 40387 | Depths:4 | 40387 ||| UPGRADING to +0 cloak of willpower.
 40397 | Depths:4 | 40397 ||| DROPPING scarf of repulsion.
 40671 | Vaults:5 | Entered Level 5 of the Vaults
 40672 | Vaults:5 | 40672 ||| Stepping ~*~*~tactically~*~*~ (outnumbered).
 40673 | Vaults:5 | 40673 ||| INVOKING Heroism.
 40675 | Vaults:5 | Noticed a golden dragon
 40683 | Vaults:5 | HP: 51/233 [titan/the air (10)]
 40684 | Vaults:5 | 40684 ||| READING 11 scrolls of teleportation.
 40684 | Vaults:5 | HP: 23/233 [titan/the air (13)]
 40684 | Vaults:5 | HP: 6/233 [vault warden/+3 glaive (6)]
 40685 | Vaults:5 | 40685 ||| DRINKING 12 potions of heal wounds.
 40686 | Vaults:5 | 40686 ||| DRINKING 11 potions of heal wounds.
 40687 | Vaults:5 | 40687 ||| DRINKING 10 potions of heal wounds.
 40689 | Vaults:5 | 40689 ||| READING 10 scrolls of teleportation.
 40690 | Vaults:5 | 40690 ||| DRINKING 9 potions of heal wounds.
 40692 | Vaults:5 | Identified the +8 halberd of Plog {venom, +Blink}
 40692 | Vaults:5 | HP: 53/233 [titan/the air (18)]
 40693 | Vaults:5 | 40693 ||| READING 9 scrolls of teleportation.
 40694 | Vaults:5 | 40694 ||| DRINKING 8 potions of heal wounds.
 40698 | Vaults:5 | HP: 57/233 [sphinx/divine providence (14)]
 40699 | Vaults:5 | 40699 ||| READING 8 scrolls of teleportation.
 40700 | Vaults:5 | 40700 ||| DRINKING 7 potions of heal wounds.
 40705 | Vaults:5 | HP: 54/233 [vault guard/+0 long sword (7)]
 40706 | Vaults:5 | 40706 ||| READING 7 scrolls of teleportation.
 40707 | Vaults:5 | 40707 ||| DRINKING 6 potions of heal wounds.
 40708 | Vaults:5 | 40708 ||| DRINKING 5 potions of heal wounds.
 40709 | Vaults:5 | 40709 ||| INVOKING Heroism.
 40744 | Vaults:5 | 40744 ||| INVOKING Heroism.
 40793 | Vaults:5 | 40793 ||| INVOKING Heroism.
 40914 | Vaults:5 | 40914 ||| INVOKING Heroism.
 40982 | Vaults:5 | 40982 ||| INVOKING Heroism.
 40988 | Vaults:5 | Reached skill level 21 in Armour
 40992 | Vaults:5 | 40992 ||| INVOKING Finesse.
 40996 | Vaults:5 | Received a gift from Okawaru
 41130 | Vaults:5 | 41130 ||| READING scroll of enchant armour.
 41130 | Vaults:5 | 41130 ||| ENCHANTING +0 cloak of willpower.
 41135 | Vaults:5 | 41135 ||| INVOKING Heroism.
 41173 | Vaults:5 | Noticed a dread lich
 41174 | Vaults:5 | 41174 ||| INVOKING Heroism.
 41179 | Vaults:5 | Killed a dread lich
 41232 | Vaults:5 | Noticed Mennas
 41239 | Vaults:5 | 41239 ||| INVOKING Heroism.
 41241 | Vaults:5 | Killed Mennas
 41448 | Vaults:5 | Identified the +2 bardiche "Qietina" {venom, Int+2}
 41469 | Vaults:5 | Identified the +5 scale mail of Qaynkued {rF+ Str+5 Dex-4}
 41540 | Vaults:5 | Identified the staff "Xumoo" {rPois rN+ MP+9 Dex-3 Hexes
                  | Necro}
 41558 | Vaults:5 | Identified the +1 scale mail "Ocwoz" {*Slow rC+ Regen+}
 41588 | Vaults:5 | 41588 ||| Stepping ~*~*~tactically~*~*~ (outnumbered).
 41601 | Vaults:5 | 41601 ||| INVOKING Heroism.
 41603 | Vaults:5 | 41603 ||| INVOKING Finesse.
 41608 | Vaults:5 | Killed a golden dragon
 41665 | Vaults:5 | 41665 ||| Stepping ~*~*~tactically~*~*~ (outnumbered).
 41669 | Vaults:5 | Reached skill level 12 in Invocations
 41671 | Vaults:5 | 41671 ||| INVOKING Heroism.
 41676 | Vaults:5 | 41676 ||| INVOKING Finesse.
 41679 | Vaults:5 | Reached XP level 23. HP: 69/240 MP: 21/27
 41746 | Vaults:5 | 41746 ||| INVOKING Heroism.
 42010 | Vaults:5 | 42010 ||| INVOKING Heroism.
 42050 | Vaults:5 | 42050 ||| Stepping ~*~*~tactically~*~*~ (outnumbered).
 42052 | Vaults:5 | 42052 ||| Stepping ~*~*~tactically~*~*~ (outnumbered).
 42054 | Vaults:5 | 42054 ||| Stepping ~*~*~tactically~*~*~ (outnumbered).
 42056 | Vaults:5 | 42056 ||| INVOKING Heroism.
 42064 | Vaults:5 | 42064 ||| Stepping ~*~*~tactically~*~*~ (outnumbered).
 42066 | Vaults:5 | Received a gift from Okawaru
 42086 | Vaults:5 | 42086 ||| INVOKING Finesse.
 42173 | Vaults:5 | 42173 ||| INVOKING Heroism.
 42174 | Vaults:5 | 42174 ||| INVOKING Finesse.
 42268 | Vaults:5 | Got a silver rune of Zot
 42304 | Vaults:5 | 42304 ||| INVOKING Heroism.
 42450 | Vaults:5 | 42450 ||| INVOKING Heroism.
 42589 | Vaults:5 | 42589 ||| INVOKING Heroism.
 42963 | Vaults:5 | 42963 ||| PLANNING SHOPPING SPREE
 42963 | Vaults:5 | 42963 ||| DROPPING +1 cloak of preservation.
 42964 | Vaults:5 | 42964 ||| DROPPING +3 leather armour of positive energy.
 43350 | D:1      | 43350 ||| BUYING embroidered cloak (165 gold).
 43350 | D:1      | Bought an embroidered cloak for 165 gold pieces
 43350 | D:1      | 43350 ||| DROPPING +0 cloak of willpower.
 43351 | D:1      | 43351 ||| PLANNING ZOT:1-4
 43696 | Zot:1    | Entered Level 1 of the Realm of Zot
 43774 | Zot:1    | 43774 ||| INVOKING Heroism.
 43776 | Zot:1    | 43776 ||| Stepping ~*~*~tactically~*~*~ (outnumbered).
 43925 | Zot:1    | 43925 ||| INVOKING Heroism.
 43932 | Zot:1    | Noticed an orb of fire
 43937 | Zot:1    | Reached skill level 15 in Invocations
 43937 | Zot:1    | HP: 52/240 [purple draconian shifter/bolt of dispelling
                  | energy[a black draconian knight] (20)]
 43938 | Zot:1    | 43938 ||| READING 10 scrolls of teleportation.
 43939 | Zot:1    | 43939 ||| DRINKING 6 potions of heal wounds.
 43941 | Zot:1    | Gained mutation: You occasionally lose the ability to drink
                  | potions when taking damage. [an orb of fire]
 43942 | Zot:1    | HP: 50/240 [yellow draconian annihilator/glob of acid[a
                  | black draconian knight] (16)]
 43942 | Zot:1    | Gained mutation: Your body sometimes deteriorates upon
                  | taking damage. [an orb of fire]
 43943 | Zot:1    | 43943 ||| DRINKING 5 potions of heal wounds.
 43943 | Zot:1    | Gained mutation: You are dopey. (Int -2) [an orb of fire]
 43945 | Zot:1    | 43945 ||| DRINKING 4 potions of heal wounds.
 43946 | Zot:1    | 43946 ||| DRINKING 3 potions of heal wounds.
 44106 | Zot:1    | 44106 ||| INVOKING Heroism.
 44251 | Zot:1    | 44251 ||| DRINKING 13 potions of mutation.
 44251 | Zot:1    | Lost mutation: You are dopey. (Int -2) [potion of mutation]
 44251 | Zot:1    | Lost mutation: Your body sometimes deteriorates upon taking
                  | damage. [potion of mutation]
 44251 | Zot:1    | Gained mutation: You are vulnerable to heat. (rF-) [potion
                  | of mutation]
 44251 | Zot:1    | Gained mutation: You have sharp toenails. [potion of
                  | mutation]
 44252 | Zot:1    | 44252 ||| DRINKING 12 potions of mutation.
 44252 | Zot:1    | Lost mutation: Your spells are a little harder to cast, but
                  | a little more powerful. [potion of mutation]
 44252 | Zot:1    | Lost mutation: Your magical capacity is low. (-10% MP)
                  | [potion of mutation]
 44252 | Zot:1    | Gained mutation: You occasionally shout uncontrollably at
                  | your foes. [potion of mutation]
 44270 | Zot:1    | 44270 ||| DRINKING 11 potions of mutation.
 44270 | Zot:1    | Lost mutation: You are very agile. (Dex +8, Str/Int -2)
                  | [potion of mutation]
 44270 | Zot:1    | Lost mutation: You occasionally shout uncontrollably at
                  | your foes. [potion of mutation]
 44270 | Zot:1    | Lost mutation: You have sharp toenails. [potion of
                  | mutation]
 44270 | Zot:1    | Gained mutation: You have supernaturally acute eyesight.
                  | (SInv) [potion of mutation]
 44271 | Zot:1    | 44271 ||| DRINKING 10 potions of mutation.
 44271 | Zot:1    | Lost mutation: You are vulnerable to heat. (rF-) [potion of
                  | mutation]
 44271 | Zot:1    | Lost mutation: You possess an exceptional clarity of mind.
                  | [potion of mutation]
 44271 | Zot:1    | Lost mutation: You are agile. (Dex +4, Str/Int -1) [potion
                  | of mutation]
 44271 | Zot:1    | Gained mutation: You have sharp toenails. [potion of
                  | mutation]
 44271 | Zot:1    | Gained mutation: Your muscles are strong. (Str +4, Int/Dex
                  | -1) [potion of mutation]
 44272 | Zot:1    | 44272 ||| DRINKING 9 potions of mutation.
 44272 | Zot:1    | Lost mutation: You occasionally lose the ability to drink
                  | potions when taking damage. [potion of mutation]
 44272 | Zot:1    | Lost mutation: You have sharp toenails. [potion of
                  | mutation]
 44272 | Zot:1    | Lost mutation: Your muscles are strong. (Str +4, Int/Dex
                  | -1) [potion of mutation]
 44272 | Zot:1    | Gained mutation: Your muscles are strong. (Str +4, Int/Dex
                  | -1) [potion of mutation]
 44272 | Zot:1    | Gained mutation: You have an increased reservoir of magic.
                  | (+10% MP) [potion of mutation]
 44291 | Zot:1    | 44291 ||| INVOKING Heroism.
 44313 | Zot:1    | Gained mutation: You have large cloven feet. [an orb of
                  | fire]
 44314 | Zot:1    | Gained mutation: Your spells are a little easier to cast,
                  | but a little less powerful. [an orb of fire]
 44315 | Zot:1    | Gained mutation: You occasionally shout uncontrollably at
                  | your foes. [an orb of fire]
 44316 | Zot:1    | Killed an orb of fire
 44551 | Zot:1    | 44551 ||| FLEEEEING.
 44552 | Zot:1    | 44552 ||| FLEEEEING.
 44628 | Zot:1    | 44628 ||| INVOKING Heroism.
 44932 | Zot:1    | 44932 ||| UPGRADING to +2 pair of gloves of Dyspraxia {rF+
                  | Int+4}.
 44942 | Zot:1    | 44942 ||| DROPPING +0 pair of gloves of Xoeng {+Blink rPois
                  | SInv}.
 44943 | Zot:1    | 44943 ||| UPGRADING to +2 pair of gloves of strength.
 44953 | Zot:1    | 44953 ||| UPGRADING to +2 pair of boots of Patterns {rPois
                  | rF+ Will- Str+3}.
 44997 | Zot:2    | 44997 ||| INVOKING Heroism.
 44998 | Zot:2    | Noticed an orb of fire
 44999 | Zot:2    | 44999 ||| Stepping ~*~*~tactically~*~*~ (outnumbered).
 45014 | Zot:2    | HP: 56/240 [green draconian monk (7)]
 45015 | Zot:2    | 45015 ||| READING 9 scrolls of teleportation.
 45015 | Zot:2    | Gained mutation: Your body sometimes deteriorates upon
                  | taking damage. [an orb of fire]
 45016 | Zot:2    | 45016 ||| DRINKING 2 potions of heal wounds.
 45017 | Zot:2    | 45017 ||| DRINKING potion of heal wounds.
 45018 | Zot:2    | Gained mutation: You are clumsy. (Dex -2) [an orb of fire]
 45018 | Zot:2    | HP: 23/240 [green draconian monk (13)]
 45020 | Zot:2    | Gained mutation: You are very clumsy. (Dex -4) [an orb of
                  | fire]
 45021 | Zot:2    | HP: 2/240 [black draconian/+2 halberd of venom[a purple
                  | draconian shifter] (19)]
 45021 | Zot:2    | Mangled by a golden dragon

Levels and vault maps discovered:
D:1:      minmay_arrival_jagged, layout_loops_corners, serial_shops,
          nicolae_shop_advertising_works [nicolae_subvault_shop_adworks],
          minmay_splitting_lines, minmay_vboxes
D:2:      layout_rooms, hangedman_decor_riveting, minivault_4
D:3:      layout_loops_ring, gammafunk_ghost_abyssal_escape, uniq_sigmund
D:4:      layout_gridville, minmay_temple_entry_proselytizer, dk_noncrumbling_2,
          dk_noncrumbling_4
D:5:      layout_layer_cave, nicolae_dithmenos_through_a_glass_darkly,
          kennysheep_flooded_box, hangedman_abyss_or_decor_stagger,
          grunt_ministairs_10, uniq_crazy_yiuf_cottage
D:6:      layout_loops_ring, mainiacjoe_overflow_swirl,
          hangedman_decor_slide_cut, uniq_maggie
D:7:      layout_layer_cave, uniq_joseph, uniq_menkaure
D:8:      layout_rooms, mainiacjoe_overflow_small_starburst, enter_bailey_2,
          guppyfry_early_elven_hall, uniq_psyche
D:9:      layout_basic, david_lair_shrubbed, gammafunk_ghost_necromancy
D:10:     layout_rooms, david_orc_2, hangedman_decor_points,
          chequers_serial_rivers_micro_b, bh_walls_and_bars, uniq_harold,
          uniq_fannar
D:11:     layout_loops_corners, uniq_erica
D:12:     layout_basic, gammafunk_ghost_wrathful_warriors,
          statue_in_the_mist_lemuel
D:13:     layout_roguey, grunt_vaults_entry_tiered, serial_shops, shop,
          nicolae_ru_great_annihilating_truth
D:14:     layout_loops_ring, minmay_curled_crystal, glass_columns_a
D:15:     gammafunk_depths_entry_grave, layout_cave_pools, lemuel_flamethrower_3
Temple:   nicolae_temple_two_arcs
Lair:1:   layout_misc_corridors, chequers_serial_rivers_small_a,
          kennysheep_snail_temple
Lair:2:   gammafunk_lair_enchanted_lake, layout_regular_city,
          minmay_swamp_entry_eels, gauntlet_entry_generic, grunt_megastairs_1
Lair:3:   layout_misc_corridors, spider_nest_entry_rubble
Lair:4:   layout_cave_shapes, infiniplex_staircase_pool_2
Lair:5:   evilmike_catoblepas_cave, layout_cave_pods, slime_entry_1,
          grunt_megastairs_2, serial_bayou_shore_a
Swamp:1:  layout_falls_marsh, hangedman_swamp_ruin_hall
Swamp:2:  layout_falls_marsh, evilmike_swamp_ruin_house_1
Swamp:3:  nzn_winding_woodlands_small [nzn_winding_woodlands_5x15_parted,
          nzn_winding_woodlands_center_garden,
          nzn_winding_woodlands_5x15_lazy_stream], layout_falls_marsh,
          evilmike_swamp_ruin_house_2
Swamp:4:  nzn_swamp_witches_coven, layout_basic_swamp, nicolae_swamp_bunyip_nook
Spider:1: layout_cave_pods
Spider:2: layout_spider_delve, portal_ice_cave_entry_frozen_things,
          uniq_frances, uniq_arachne
Spider:3: layout_spider_delve, hellmonk_watch_for_rolling_rocks,
          uniq_bai_suzhen, uniq_azrael
Spider:4: hellmonk_spider_rune_endless_swarm, lemuel_hornet_nest
Orc:1:    layout_caves
Orc:2:    st_orc_ogre_mass, layout_caves, uniq_rupert, uniq_josephine
Vaults:1: vaults_room_corners, v_misc_12, v_alt_pattern_4,
          nicolae_vaults_double_plus_3, nicolae_vaults_double_plus_1,
          nicolae_vaults_little_guard_posts, vaults_dpeg_ring,
          nicolae_vaults_weapon_check, layout_vaults_omnigrid, serial_shops,
          bzr_entry_customers
Vaults:2: nicolae_vaults_little_squares_2, dpeg_vaults_monster_box,
          nicolae_vaults_stepped_doors, minmay_crypt_entry_simple_plaza,
          vaults_mumra_hexcomb, vaults_room_corners,
          nicolae_vaults_doubleplus_tesselated, nicolae_vaults_spaceships,
          ontoclasm_vaults_decontamination, nicolae_vaults_angled_halls,
          vaults_dpeg_hooks, vaults_room_grid, layout_vaults_ring, serial_shops,
          nicolae_shop_tiny_waterfront, uniq_zenata
Vaults:3: portal_desolation_entry_holy_temple, nicolae_vaults_alarming,
          nicolae_vaults_storage_closets_1,
          nicolae_vaults_shipping_containers_1, v_misc_32,
          nicolae_vaults_door_testing_chamber, v_misc_13,
          nicolae_vaults_ninety_degrees, vaults_room_door_ring,
          layout_vaults_big_cross, nicolae_trove_entry_crystal
Vaults:4: v_misc_19, nicolae_vaults_house_3, v_rooms_4, serial_ice_m, v_misc_13,
          nicolae_vaults_storage_closets_2, nicolae_vaults_variable_pillar_hall,
          vaults_dpeg_doors, hangedman_vaults_impose,
          nicolae_vaults_twisting_passages, hangedman_vaults_slice,
          nicolae_vaults_trapezoid_lopsided_1, v_misc_18,
          nicolae_vaults_variable_pillar_hall, v_misc_24, layout_vaults_maze
Vaults:5: uniq_mennas
Depths:1: layout_basic, hell_entry, patterned_corridor, grunt_decor_arrowhead,
          minmay_misc_feat_ornament, minmay_misc_feat_rows,
          nicolae_transporter_circle
Depths:2: kennysheep_blocky_hall, layout_honeycomb, enter_ziggurat_e,
          kennysheep_small_spiral, rand_demon_pan_entry_9,
          hangedman_coc_ice_floe
Depths:3: minmay_imperfect_grid, layout_small_grid, hell_entry, abyss_entry,
          infiniplex_staircase_split_hallway
Depths:4: grunt_zot_entry_alcove, layout_cave_pools, kiku_gazebo_pond_becter,
          grunt_mini_vestibule, nemelex_lonely_heart_becter
Zot:1:    dreamdust_black_sun_cult, layout_basic
Zot:2:    layout_cathedral_of_symmetry, nicolae_diode_basic

Skill      XL: |  1  2  3  4  5  6  7  8  9 10 11 12 13 14 15 16 17 18 19 20 21 22 23 |
---------------+----------------------------------------------------------------------+-----
Ranged Weapons | 3 4 5 6 8 9 11 13 14 16 18 20 21 22 | 22.0
Fighting       | 2 5 6 7 8 9 11 12 13 15 16 18 20 22 25 27 | 27.0
Armour         | 1 2 3 4 5 6 7 8 9 10 11 12 13 15 17 22 | 22.0
Dodging        | 3 5 6 7 8 9 11 12 13 16 18 20 22 | 22.0
Invocations    | 1 4 7 10 11 12 16 | 16.4
Spellcasting   | |  1.0
Hexes          | |  2.0

Action                     |  1- 3 |  4- 6 |  7- 9 | 10-12 | 13-15 | 16-18 | 19-21 | 22-24 || total
---------------------------+-------+-------+-------+-------+-------+-------+-------+-------++-------
   Fire: Sling             |    68 |       |       |       |       |       |       |       ||    68
         Orcbow            |    36 |    56 |   161 |    93 |       |       |       |       ||   346
         Triple crossbow   |       |       |       |   198 |   737 |   856 |  1174 |   459 ||  3424
 Invoke: Heroism           |       |       |     6 |    17 |    31 |    39 |    31 |    29 ||   153
         Finesse           |       |       |       |     1 |     9 |    17 |    21 |     5 ||    53
    Use: Scroll            |     7 |     6 |     6 |     5 |     6 |     6 |     7 |     9 ||    52
         Potion            |     4 |     2 |     1 |     1 |       |     3 |       |    20 ||    31
 Armour: Robe              |     8 |       |       |       |       |       |       |       ||     8
         Leather armour    |     3 |       |       |       |       |       |       |       ||     3
         Ring mail         |       |     5 |    43 |    63 |    74 |    89 |   106 |   155 ||   535
         Steam dragon scal |       |       |     6 |       |       |       |       |       ||     6
  Dodge: Dodged            |    41 |    17 |   102 |   304 |   342 |   585 |  1051 |  1194 ||  3636
         Repelled          |       |       |       |       |       |       |       |     1 ||     1

Table legend:
 A = Non-vault XP
 B = Vault XP
 C = Vault XP percentage of total XP
 D = Non-vault monster count
 E = Vault monster count
 F = Vault count percentage of total count
                 A         B        C        D         E       F
            +---------+---------+-------+---------+---------+-------
      Total |  504925 |  435995 |  46.3 |    1096 |     663 |  37.7
            +---------+---------+-------+---------+---------+-------
        D:1 |      32 |      12 |  27.3 |      19 |       6 |  24.0
        D:2 |      67 |       0 |   0.0 |      23 |       0 |   0.0
        D:3 |      91 |     243 |  72.8 |      18 |       1 |   5.3
        D:4 |     373 |      41 |   9.9 |      15 |       1 |   6.2
        D:5 |     790 |     197 |  20.0 |      17 |       6 |  26.1
        D:6 |     515 |     370 |  41.8 |      11 |       1 |   8.3
        D:7 |    1896 |     629 |  24.9 |      31 |       2 |   6.1
        D:8 |    1107 |     951 |  46.2 |      11 |       2 |  15.4
        D:9 |    2520 |    1280 |  33.7 |      21 |       2 |   8.7
       D:10 |    1857 |    1012 |  35.3 |      24 |       9 |  27.3
       D:11 |    2008 |     850 |  29.7 |       8 |       1 |  11.1
       D:12 |    6265 |       0 |   0.0 |      23 |       0 |   0.0
       D:13 |    6647 |    8398 |  55.8 |      13 |      29 |  69.0
       D:14 |    6873 |       0 |   0.0 |      13 |       0 |   0.0
       D:15 |   11076 |    4177 |  27.4 |      20 |       8 |  28.6
     Lair:1 |    5104 |    1763 |  25.7 |      22 |       4 |  15.4
     Lair:2 |    6199 |    3454 |  35.8 |      26 |      12 |  31.6
     Lair:3 |    7418 |     211 |   2.8 |      21 |       1 |   4.5
     Lair:4 |    6900 |       0 |   0.0 |      19 |       0 |   0.0
     Lair:5 |    8291 |   16626 |  66.7 |      27 |      36 |  57.1
    Swamp:1 |   13412 |       0 |   0.0 |      28 |       0 |   0.0
    Swamp:2 |   11020 |       0 |   0.0 |      14 |       0 |   0.0
    Swamp:3 |   11970 |   10827 |  47.5 |      25 |      15 |  37.5
    Swamp:4 |   10490 |   28121 |  72.8 |      19 |      35 |  64.8
   Spider:1 |   19247 |       0 |   0.0 |      47 |       0 |   0.0
   Spider:2 |   23615 |    5471 |  18.8 |      52 |       5 |   8.8
   Spider:3 |   14852 |    7631 |  33.9 |      38 |      13 |  25.5
   Spider:4 |   12757 |   22756 |  64.1 |      30 |      52 |  63.4
      Orc:1 |    3356 |       0 |   0.0 |      26 |       0 |   0.0
      Orc:2 |    8067 |   18822 |  70.0 |      43 |      46 |  51.7
   Vaults:1 |   34309 |    9052 |  20.9 |      48 |      16 |  25.0
   Vaults:2 |   25933 |   24570 |  48.7 |      37 |      28 |  43.1
   Vaults:3 |   25381 |   18046 |  41.6 |      44 |      22 |  33.3
   Vaults:4 |   17687 |   17870 |  50.3 |      25 |      24 |  49.0
   Vaults:5 |   22419 |  103905 |  82.3 |      33 |      92 |  73.6
   Depths:1 |   19947 |       0 |   0.0 |      37 |       0 |   0.0
   Depths:2 |   46717 |    7617 |  14.0 |      60 |      10 |  14.3
   Depths:3 |   34923 |   26543 |  43.2 |      42 |      26 |  38.2
   Depths:4 |   30179 |   23241 |  43.5 |      29 |      20 |  40.8
      Zot:1 |   31687 |   13346 |  29.6 |      27 |      10 |  27.0
      Zot:2 |   10928 |       0 |   0.0 |      10 |       0 |   0.0
 Desolation |       0 |   57963 | 100.0 |       0 |     128 | 100.0
            +---------+---------+-------+---------+---------+-------
